 Dungeon Crawl Stone Soup version 0.30.0-29-ga12c61a403 (webtiles) character file.

Game seed: 18440069291675748857

21752886 UglyThing the Invulnerable (level 27, 292/292 HPs)
             Began as an Armataur Fighter on June 23, 2023.
             Was a Follower of Uskayaw.
             Escaped with the Orb
             ... and 15 runes!
             The game lasted 06:58:06 (69611 turns).

UglyThing the Invulnerable (Armataur Fighter)      Turns: 69611, Time: 06:58:06

Health: 292/292    AC: 50    Str: 35    XL:     27
Magic:  49/49      EV:  6    Int: 27    God:    Uskayaw [*.....]
Gold:   2941       SH: 41    Dex: 10    Spells: 22/48 levels left

rFire   + + .        a - +9 eveningstar (flame)
rCold   + + +        H - +8 tower shield {rF+}
rNeg    + + +        Q - +8 orange crystal plate armour {Archmagi, Int+3 Clar}
rPois   +            k - +2 hat of Death's Door {rElec rF- Regen+ Int+6}
rElec   +            S - scarf {rC+ rF+}
rCorr   .            c - +1 pair of gloves "Etura" {Will+ Str+3 SInv}
SInv    +            J - +1 barding of Vanity {rC+ Regen+ Int+2 SInv}
Will    ++++.        t - amulet "Jasome" {Reflect Rampage Fragile rElec Int+6 SH+5 Stlth+} Stlth
                     h - ring of Zumahioh {rPois rC+ rN+ Will+ Stlth+}
HPRegen 2.28/turn    p - ring "Sitototy" {rF+ rN++ MP+9}
MPRegen 0.31/turn

%: reflection, clarity, roll, archmagi
@: studying Stealth
A: large, rugged brown scales 3, deformed body, armoured tail, roll, long
tongue, awkward tongue, antennae 1, talons 1, large bone plates 1, see
invisible, dopey 1, mutation resistance 1
0: Orb of Zot
}: 15/15 runes: barnacled, slimy, silver, golden, iron, obsidian, icy, bone,
abyssal, demonic, glowing, magical, fiery, dark, gossamer
a: Renounce Religion, Stomp


You escaped.
You worshipped Uskayaw.
Uskayaw was exalted by your worship.
You visited 17 branches of the dungeon, and saw 87 of its levels.
You visited Pandemonium 1 time, and saw 18 of its levels.
You visited the Abyss 2 times.
You also visited: Trove, Ossuary and Volcano.

You collected 8172 gold pieces.
You spent 5231 gold pieces at shops.

Inventory:

Hand Weapons
 a - a +9 eveningstar of flaming (weapon)
 b - a +9 sacred scourge of holy wrath
 i - the +13 sceptre of Asmodeus
   (You took it off Asmodeus on level 7 of Gehenna)

   Fire Summon: It may summon demons of flame and damnation when striking foes.
 n - the +5 demon whip "Spellbinder" {antimagic, disrupt, Will+}
   (You found it on level 3 of the Tomb of the Ancients)

   Will:      It increases your willpower.
 G - the +6 sword of Cerebov {flame}
   (You took it off Cerebov in Pandemonium)
Missiles
 m - 3 throwing nets (quivered)
 R - 3 curare-tipped darts
Armour
 c - the +1 pair of gloves "Etura" (worn) {Will+ Str+3 SInv}
   (You found it on level 1 of the Depths)

   Str:       It affects your strength (+3).
   SInv:      It lets you see invisible.
   Will:      It increases your willpower.
 k - the +2 hat of Death's Door (worn) {rElec rF- Regen+ Int+6}
   (You bought it in a shop on level 3 of the Vaults)

   Int:       It affects your intelligence (+6).
   rF:        It makes you vulnerable to fire.
   rElec:     It insulates you from electricity.
   Regen:     It increases your rate of health regeneration.
 o - the +3 barding of Emmixti {Str+4 Dex+3 Slay+3}
   (You found it in a treasure trove)

   Str:       It affects your strength (+4).
   Dex:       It affects your dexterity (+3).
   Slay:      It affects your accuracy & damage with ranged weapons and melee
   (+3).
 r - the +6 lightning scales {swift, rElec}
   (You found it on level 3 of the Tomb of the Ancients)

   Swift:     It allows the wearer to cover ground more swiftly.
   rElec:     It insulates you from electricity.
 H - a +8 tower shield of fire resistance (worn)
 J - the +1 barding of Vanity (worn) {rC+ Regen+ Int+2 SInv}
   (You acquired it on level 4 of the Shoals)

   Int:       It affects your intelligence (+2).
   rC:        It protects you from cold.
   SInv:      It lets you see invisible.
   Regen:     It increases your rate of health regeneration.
 Q - the +8 orange crystal plate armour (worn) {Archmagi, Int+3 Clar}
   (You found it on level 5 of the Vaults)

   Int:       It affects your intelligence (+3).
   Clar:      It protects you from confusion, rage, mesmerisation and fear.
 S - a scarf of resistance (worn)
Jewellery
 g - the ring of Wogih {rF+++ Will+ Int-3 Dex+4}
   (You found it on level 5 of the Lair of Beasts)

   [ring of willpower]

   Int:       It affects your intelligence (-3).
   Dex:       It affects your dexterity (+4).
   rF:        It renders you almost immune to fire.
   Will:      It increases your willpower.
 h - the ring of Zumahioh (left hand) {rPois rC+ rN+ Will+ Stlth+}
   (You acquired it on level 1 of the Lair of Beasts)

   [ring of willpower]

   rC:        It protects you from cold.
   rPois:     It protects you from poison.
   rN:        It protects you from negative energy.
   Will:      It increases your willpower.
   Stlth:     It makes you more stealthy.
 p - the ring "Sitototy" (right hand) {rF+ rN++ MP+9}
   (You found it on level 5 of the Pits of Slime)

   [ring of protection from fire]

   rF:        It protects you from fire.
   rN:        It greatly protects you from negative energy.
   MP:        It affects your magic capacity (+9).
 t - the amulet "Jasome" (around neck) {Reflect Rampage Fragile rElec Int+6 SH+5 Stlth+}
   (You found it on level 2 of the Depths)

   [amulet of reflection]

   It reflects blocked missile attacks.
   Int:       It affects your intelligence (+6).
   rElec:     It insulates you from electricity.
   Fragile:   It will be destroyed if unequipped.
   SH:        It affects your SH (+5).
   Rampage:   It bestows one free step when moving towards enemies.
   Stlth:     It makes you more stealthy.
 F - a ring of resist corrosion
 V - the ring "Bibe" {rC+ Int+2}
   (You found it on level 5 of the Pits of Slime)

   [ring of protection from cold]

   Int:       It affects your intelligence (+2).
   rC:        It protects you from cold.
 W - the ring "Ulloegg" {Fly Dex+2}
   (You found it on level 7 of Cocytus)

   [ring of flight]

   Dex:       It affects your dexterity (+2).
   Fly:       It grants you flight.
 X - an amulet of reflection
Wands
 l - a wand of roots (60)
 s - a wand of quicksilver (61)
Scrolls
 f - 11 scrolls of teleportation
 w - 2 scrolls of enchant weapon
 x - a scroll of brand weapon
 y - 11 scrolls of poison
 z - 11 scrolls of summoning
 A - 9 scrolls of fog
 M - 6 scrolls of fear
 P - 3 scrolls of silence
Potions
 d - 9 potions of might
 e - 6 potions of flight
 j - 5 potions of mutation
 q - 4 potions of ambrosia
 u - 6 potions of curing
 v - 6 potions of haste
 D - 2 potions of resistance
 E - 5 potions of magic
 I - 5 potions of cancellation
 L - 6 potions of attraction
 O - 8 potions of invisibility
 U - 2 potions of berserk rage
Miscellaneous
 K - a condenser vane
 Z - a phantom mirror


   Skills:
 O Level 27 Fighting
 O Level 27 Maces & Flails
 O Level 27 Armour
 - Level 5.0 Dodging
 O Level 27 Shields
 + Level 11.3 Spellcasting
 - Level 10.0 Hexes
 - Level 13.0 Translocations
 + Level 8.7 Fire Magic
 + Level 13.2 Air Magic
 O Level 27 Invocations


You had 22 spell levels left.
You knew the following spells:

 Your Spells              Type           Power      Damage    Failure   Level
n - Apportation           Tloc           100%       N/A       1%          1
p - Passage of Golubria   Tloc           91%        N/A       1%          4
K - Borgnjor's Revivific  Necr           11%        N/A       100%        8
Q - Silence               Hex/Air        43%        N/A       3%          5
V - Ignition              Fire           38%        3d11      100%        8

Your spell library contained the following spells:

 Spells                   Type           Power      Damage    Failure   Level
 Slow                     Hex            100%       N/A       1%          1
 Blink                    Tloc           100%       N/A       1%          2
 Lesser Beckoning         Tloc           100%       N/A       1%          2
 Momentum Strike          Conj/Tloc      100%       3d10      1%          2
 Poisonous Vapours        Pois/Air       100%       N/A       1%          2
 Confusing Touch          Hex            81%        N/A       1%          3
 Inner Flame              Hex/Fire       78%        N/A       1%          3
 Portal Projectile        Hex/Tloc       100%       N/A       1%          3
 Tukima's Dance           Hex            81%        N/A       1%          3
 Vhi's Electric Charge    Tloc/Air       100%       N/A       1%          3
 Volatile Blastmotes      Fire/Tloc      100%       2d18      1%          3
 Foxfire                  Conj/Fire      100%       2x1d9     2%          1
 Cause Fear               Hex            40%        N/A       2%          4
 Cigotuvi's Dreadful Rot  Necr/Pois/Air  100%       N/A       3%          2
 Dazzling Flash           Conj/Hex       100%       N/A       6%          3
 Summon Guardian Golem    Hex/Summ       59%        N/A       6%          3
 Mephitic Cloud           Conj/Pois/Air  56%        N/A       8%          3
 Iskenderun's Mystic Bla  Conj/Tloc      66%        2d14      11%         4
 Summon Lightning Spire   Summ/Air       66%        N/A       11%         4
 Ignite Poison            Fire/Tmut/Pois 46%        N/A       14%         3
 Beastly Appendage        Tmut           46%        N/A       16%         1
 Freeze                   Ice            92%        1d9       16%         1
 Kiss of Death            Conj/Necr      92%        2d12      16%         1
 Necrotise                Necr           92%        1d8       16%         1
 Sandblast                Erth           46%        2d11      16%         1
 Sting                    Tmut/Pois      92%        1d7       16%         1
 Summon Small Mammal      Summ           92%        N/A       16%         1
 Anguish                  Hex/Necr       29%        N/A       21%         4
 Fulminant Prism          Conj/Hex       29%        3d13      21%         4
 Leda's Liquefaction      Hex/Erth       29%        N/A       21%         4
 Passwall                 Tmut/Erth      19%        N/A       24%         2
 Searing Ray              Conj           46%        2d6       24%         2
 Sublimation of Blood     Necr           23%        N/A       24%         2
 Wereblood                Tmut           23%        N/A       24%         2
 Sticky Flame             Conj/Fire      55%        2d7       26%         4
 Plasma Beam              Fire/Air       42%        2x1d61    26%         6
 Arcjolt                  Conj/Air       33%        1d43      28%         5
 Summon Forest            Summ/Tloc      33%        N/A       30%         5
 Call Canine Familiar     Summ           23%        N/A       43%         3
 Frozen Ramparts          Ice            46%        1d7       43%         3
 Hailstorm                Conj/Ice       23%        3d7       43%         3
 Ozocubu's Armour         Ice            23%        N/A       43%         3
 Spider Form              Tmut/Pois      23%        N/A       43%         3
 Stone Arrow              Conj/Erth      46%        3d9       43%         3
 Vampiric Draining        Necr           23%        2d7       43%         3
 Metabolic Englaciation   Hex/Ice        29%        N/A       50%         5
 Summon Mana Viper        Hex/Summ       59%        N/A       50%         5
 Yara's Violent Unravell  Hex/Tmut       29%        3d12      50%         5
 Freezing Cloud           Conj/Ice/Air   28%        6-21      56%         5
 Fireball                 Conj/Fire      27%        3d12      58%         5
 Animate Armour           Summ/Erth      46%        N/A       83%         4
 Animate Dead             Necr           23%        N/A       83%         4
 Dispel Undead            Necr           23%        3d12      83%         4
 Ice Form                 Ice/Tmut       23%        N/A       83%         4
 Olgreb's Toxic Radiance  Pois           23%        N/A       83%         4
 Summon Ice Beast         Ice/Summ       23%        N/A       83%         4
 Conjure Ball Lightning   Conj/Air       33%        3x3d11    85%         6
 Enfeeble                 Hex            40%        N/A       91%         7
 Agony                    Necr           23%        N/A       99%         5
 Alistair's Intoxication  Tmut/Pois      15%        N/A       99%         5
 Borgnjor's Vile Clutch   Necr/Erth      11%        N/A       99%         5
 Iskenderun's Battlesphe  Conj           23%        2d8       99%         5
 Lee's Rapid Deconstruct  Erth           11%        3d8*      99%         5
 Starburst                Conj/Fire      27%        6d9       99%         6
 Disjunction              Tloc           45%        N/A       99%         8
 Death Channel            Necr           11%        N/A       100%        6
 Eringya's Noxious Bog    Tmut/Pois      11%        N/A       100%        6
 Iron Shot                Conj/Erth      11%        9d3       100%        6
 Simulacrum               Ice/Necr       11%        N/A       100%        6
 Statue Form              Tmut/Erth      15%        N/A       100%        6
 Summon Cactus Giant      Summ           11%        N/A       100%        6
 Dragon Form              Tmut           11%        N/A       100%        7
 Monstrous Menagerie      Summ           11%        N/A       100%        7
 Orb of Destruction       Conj           11%        9d6       100%        7
 Ozocubu's Refrigeration  Ice            11%        4d10      100%        7
 Spellforged Servitor     Conj/Summ      11%        N/A       100%        7
 Discord                  Hex            40%        N/A       100%        8
 Infestation              Necr           11%        N/A       100%        8
 Lehudib's Crystal Spear  Conj/Erth      11%        10d4      100%        8
 Chain Lightning          Conj/Air       33%        3d44      100%        9
 Death's Door             Necr           11%        N/A       100%        9
 Dragon's Call            Summ           11%        N/A       100%        9


Dungeon Overview and Level Annotations

Branches:
Dungeon (15/15)            Temple (0/1) D:6            Lair (5/5) D:10
 Shoals (4/4) Lair:3       Spider (4/4) Lair:2        Slime (5/5) Lair:4
    Orc (2/2) D:10            Elf (3/3) Orc:2        Vaults (5/5) D:14
  Crypt (3/3) Vaults:3       Tomb (3/3) Crypt:3      Depths (4/4) D:15
   Hell (visited)             Dis (7/7) Hell            Geh (7/7) Hell
    Coc (7/7) Hell            Tar (7/7) Hell            Zot (5/5) Depths:4
Ossuary (visited)         Volcano (visited)

Altars:
Elyvilon
Gozag
Kikubaaqudgha
Makhleb
Qazlal
Ru
Sif Muna
Uskayaw
Yredelemnul
Jiyva

Shops:
D:6 (   D:8 [*   D:13 (   Orc:2 ?([   Elf:2 ?   Vaults:1 *![(   Vaults:2 :
Vaults:3 [*[*(   Vaults:4 [   Vaults:5 ?   Depths:3 *

Portals:
Hell: Lair:5 Depths:1 Depths:2 Depths:3 Depths:4
Abyss: Depths:1 Depths:3 Depths:4
Pandemonium: Depths:2 Depths:4
Ziggurat: Depths:2

Annotations:
D:10 1 runed translucent door, turdburglar's ghost, novice TrFi
D:11 4 runed translucent doors
Shoals:1 exclusion: downstairs


Innate Abilities, Weirdness & Mutations

You are completely covered in rugged brown scales. (AC +3, +7% HP)
Armour fits poorly on your strangely shaped body.
You have a long armoured tail.
You roll when moving toward enemies. (Rampage)
Your long tongue fully drains potion bottles. (2x potion effects)
Your tongue gives you trouble enunciating. (1.5x scroll delay)
You have a pair of small antennae on your head.
You have sharp toenails.
You are partially covered in large bone plates. (SH +4)
You have supernaturally acute eyesight. (SInv)
You are dopey. (Int -2)
You are somewhat resistant to further mutation.


Message History

You bludgeon the reaper!! You burn the reaper.
The reaper is heavily wounded.
You beat the reaper like a drum!!!!
You burn the reaper!
You kill the reaper!
You can now pass through a line of other dancers.
No target in view!
(D) Dungeon (T) Temple (L) Lair (A) Shoals (N) Spider Nest (M) Slime Pits (O) Orcish Mines (E) Elven Halls (V) Vaults (C) Crypt (W) Tomb (U) Depths (H) Hell (I) Dis (G) Gehenna (X) Cocytus (Y) Tartarus (Z) Zot
Where to? (Enter - D:1 @ (x,y), ? - help)
You see here a +2 scythe.
There is a stone staircase leading up here.
You climb upwards.
There is a stone staircase leading down here.
There is a stone staircase leading up here.
You climb upwards.
There is a stone staircase leading down here.
An Orb Guardian comes into view.
You stick the Orb Guardian like a pincushion!!!
You burn the Orb Guardian.
The Orb Guardian is severely wounded.
You block the Orb Guardian's attack.
You completely miss the Orb Guardian.
The Orb Guardian is severely wounded.
You block the Orb Guardian's attack.
You sock the Orb Guardian! You burn the Orb Guardian.
The Orb Guardian is almost dead.
The Orb Guardian hits you!!
You can now pass through a line of other dancers.
You sock the Orb Guardian! You burn the Orb Guardian.
The Orb Guardian is almost dead.
You block the Orb Guardian's attack.
You impale the Orb Guardian!! You burn the Orb Guardian.
You kill the Orb Guardian!
You can no longer pass through a line of other dancers.
There is an open gate here.
There is a staircase leading out of the dungeon here.
You have escaped!

#...........................
#...........................
#.....#####.................
#.....#...#.................
#.....#.8.#######...........
#.....#.........#..♣.♣.♣.♣..
#.....##........##..........
#.⌠....#.........'..........
#..⌠...#...@.....'..........
#.⌠....#.........'..........
#.....##........##..........
#.....#.........#..♣.♣.♣.♣..
#.....#.8.#######...........
#.....#...#.................
#.....#####.................
#...........................
#...........................


There were no monsters in sight!

Vanquished Creatures
  Cerebov (Pan)
  Antaeus (Coc:7)
  Asmodeus (Geh:7)
  the Royal Jelly (Slime:5)
  Gloorx Vloq (Pan)
  Ereshkigal (Tar:7)
  Mnoleg (Pan)
  Lom Lobon (Pan)
  the Serpent of Hell (Geh:7)
  Khufu (Crypt:1)
  5 dread liches
  7 orbs of fire
  3 ancient liches
  Dispater (Dis:7)
  Mennas (Crypt:3)
  Mara (Spider:4)
  2 juggernauts
  4 pandemonium lords (Pan)
  33 royal mummies
  Boris (thrice) (Crypt:3 Depths:2 Tomb:1)
  Vv (Depths:2)
  Sojobo (Depths:4)
  Josephina (Crypt:1)
  20 shard shrikes
  Bai Suzhen (Spider:3)
  7 Killer Klowns
  Margery (Crypt:1)
  Saint Roka (Vaults:4)
  2 curse toes
  Xtahua (Crypt:3)
  15 caustic shrikes
  5 golden dragons
  Geryon (Hell)
  Jory (Vaults:4)
  The ghost of Jetyrhek the Devastator, a veteran GrEE of Lugonu (Crypt:3)
  20 profane servitors
  the Enchantress (Depths:3)
  23 Tzitzimimeh
  15 bone dragons
  2 electric golems (Zot:5)
  8 Brimstone Fiends
  14 doom hounds
  6 hellephants
  5 iron giants
  28 tentacled monstrosities
  22 tainted leviathans
  18 Hell Sentinels
  11 liches
  12 Ice Fiends
  2 shard shrike skeletons (Crypt:3)
  The ghost of Zoodd the Executioner, an adept FoFi of Cheibriados (Depths:1)
  22 Orb Guardians
  Asterion (Elf:3)
  21 titans
  8 searing wretches
  2 deep elf master archers (Elf:3)
  Grunn (Crypt:1)
  2 walking frostbound tomes
  4 deep elf blademasters (Elf:3)
  A kraken (Abyss:4)
  5 quicksilver dragons
  2 tentacled starspawn (Abyss:4)
  Polyphemus (Shoals:4)
  20 acid blobs
  16 Executioners (Pan)
  13 sphinxes
  35 ancient champions
  The ghost of Himmaryad the Brawler, an adept TrMo of Nemelex Xobeh (Depths:3)
  Donald (Shoals:1)
  Kirke (D:12)
  14 tengu reavers
  7 shadow dragons
  14 rockslimes
  3 demonspawn warmongers (Pan)
  6 revenants
  23 azure jellies
  17 storm dragons
  20 narguns
  6 iron dragons
  11 deep elf sorcerers
  20 frost giants
  6 emperor scorpions (Spider:4)
  3 quicksilver elementals
  6 draconian monks
  20 fire giants
  24 vault wardens
  2 draconian knights
  4 draconian scorchers
  35 balrugs
  Louise (Spider:4)
  7 ghost moths
  A spectral juggernaut (Tar:2)
  7 spriggan defenders
  A caustic shrike zombie (Hell)
  2 curse skulls (Pan)
  2 orc warlords
  An angel (Pan)
  4 draconian stormcallers
  12 shard shrike simulacra
  19 war gargoyles
  35 very ugly things
  11 deep elf elementalists
  2 draconian shifters
  A ghoul (Crypt:3)
  5 quicksilver oozes
  20 ironbound preservers
  4 broodmothers
  9 reapers
  3 draconian annihilators
  2 demonspawn blood saints (Pan)
  10 ironbound thunderhulks
  15 cacodemons
  4 demonspawn corrupters (Pan)
  A juggernaut skeleton (Tomb:3)
  3 deep elf demonologists (Elf:3)
  3 green draconians
  10 deep elf annihilators
  7 stone giants
  12 lorocyprocas
  A spectral titan (Tar:1)
  A dire elephant (shapeshifter) (Vaults:4)
  22 elemental wellsprings
  6 spark wasps
  3 demonspawn black suns
  10 vampire knights
  14 bennus
  5 black draconians
  26 putrid mouths
  A dire elephant (Vaults:3)
  16 wendigos
  6 red draconians
  8 purple draconians
  6 white draconians
  7 eidola
  6 iron golems
  4 crystal guardians
  27 mummy priests
  8 yellow draconians
  16 blizzard demons
  8 merfolk javelineers
  7 green deaths
  9 deep elf death magi
  10 ettins
  3 spectral quicksilver dragons (Tar:1)
  12 fire dragons
  16 yaktaur captains
  Snorg (Orc:1)
  12 jiangshi
  6 deep elf high priests
  12 great orbs of eyes
  9 merfolk impalers
  4 spectral spriggans
  A spectral iron giant (Tar:3)
  8 entropy weavers
  15 ice dragons
  9 rakshasas
  Fannar (Lair:1)
  40 vault guards
  12 salamander tyrants
  9 hell beasts
  13 caustic shrike simulacra
  2 ogre magi
  12 ironbound frosthearts
  6 jorogumos
  6 radroaches
  5 juggernaut simulacra
  5 hydras
  3 peacekeepers
  5 stokers
  11 two-headed ogres
  Erica (Lair:1)
  5 spriggan skeletons
  4 merfolk avatars
  3 catoblepae
  A death knight (Crypt:2)
  33 dancing weapons
  6 boulder beetles
  14 spriggan air magi
  3 spectral stone giants (Tar:1)
  7 merfolk aquamancers
  7 tengu warriors (Depths:2)
  17 centaur warriors
  7 deep troll shamans
  4 death yaks
  18 death scarabs
  6 vampire magi
  4 deep troll earth magi
  2 spectral nagas (Tar:1)
  4 spriggan berserkers
  Nergalle (Lair:2)
  20 hell hogs
  15 hell knights
  2 storm dragon zombies
  11 deep elf knights
  22 soul eaters
  A skyshark (shapeshifter) (Depths:1)
  A titan skeleton (Tomb:3)
  6 crystal echidnas
  11 shadow wraiths
  2 wretched stars (Abyss:4)
  11 sixfirhies (Pan)
  4 iron trolls
  11 skysharks
  2 spark wasp zombies
  9 pharaoh ants
  2 spectral bunyips (Tar:1)
  60 sun demons
  A sun moth (Spider:3)
  3 anaconda zombies
  14 sea snakes
  A spectral anaconda (Tar:2)
  45 skeletal warriors
  A deep troll (shapeshifter) (Vaults:5)
  43 deep trolls
  7 shadow demons
  8 flayed ghosts
  2 quicksilver dragon simulacra
  An obsidian statue (Depths:3)
  12 deep elf archers
  6 glowing orange brains
  13 steelbarb worms
  5 spriggan simulacra
  9 wizards
  9 orb spiders
  34 harpies
  2 tengu zombies (Hell)
  10 necromancers
  An iron giant skeleton (Crypt:1)
  A spectral iron dragon (Tar:1)
  17 ironbound convokers
  3 lindwurms (Vaults:2)
  10 phantasmal warriors
  3 orc knights
  An anaconda skeleton (Hell)
  39 deep elf pyromancers
  26 deep elf zephyrmancers
  18 ugly things
  A bunyip skeleton (Crypt:3)
  8 orc sorcerers
  An iron dragon zombie (Crypt:2)
  9 shining eyes
  20 manticores
  18 wolf spiders
  A stone giant zombie (Hell)
  4 spectral ettins
  A spectral ice dragon (Tar:1)
  3 spectral centaurs (Tar:1)
  A stone giant skeleton (Crypt:2)
  22 moths of wrath
  13 fauns
  5 elephants (Lair:3)
  13 cyclopes
  10 merfolk sirens
  2 black mambas
  12 demonic crawlers
  19 vault sentinels
  Joseph (D:7)
  An alligator snapping turtle zombie (Crypt:2)
  4 water nymphs
  A naga mage (D:15)
  9 rust devils (Hell)
  5 ice statues
  11 molten gargoyles
  2 guardian serpents (shapeshifter)
  21 smoke demons
  A torpor snail (shapeshifter) (Depths:2)
  A black mamba (shapeshifter) (Vaults:5)
  A gargoyle (D:12)
  18 cane toads
  22 orange demons
  10 spectral swamp worms (Tar:7)
  2 titan simulacra
  A sea snake zombie (Hell)
  A dire elephant skeleton (Crypt:3)
  3 eyes of devastation
  A storm dragon simulacrum (Hell)
  5 torpor snails
  17 hellions
  7 rime drakes
  An unseen horror (D:11)
  2 centaur skeletons
  An unseen horror (shapeshifter) (Vaults:5)
  A yaktaur (shapeshifter) (Vaults:5)
  2 kobold demonologists
  A bunyip simulacrum (Coc:2)
  2 ice devils
  3 efreet
  6 anaconda simulacra
  4 golden dragon simulacra
  19 tormentors
  39 yaktaurs
  22 freezing wraiths
  9 komodo dragons
  44 guardian mummies
  6 tengu conjurers
  3 harpy zombies
  10 red devils
  6 spectral harpies
  6 trolls
  2 iron giant simulacra
  A troll (shapeshifter) (Vaults:5)
  20 hellwings
  An alligator snapping turtle skeleton (Crypt:3)
  3 hydra zombies
  31 merfolk
  A meliai (shapeshifter) (Depths:1)
  A hornet (Depths:4)
  A polar bear (Lair:2)
  9 meliai
  3 silent spectres
  A tarantella (shapeshifter) (Depths:1)
  21 wind drakes
  21 blink frogs
  20 tarantellas
  A jumping spider zombie (Crypt:3)
  4 raiju (Abyss:4)
  A dream sheep (shapeshifter) (Depths:1)
  An alligator zombie (Hell)
  2 harpy skeletons
  3 spriggan zombies (Hell)
  A culicivora zombie (Crypt:1)
  3 stone giant simulacra
  A raiju (shapeshifter) (Depths:1)
  3 iron dragon simulacra
  4 snapping turtles
  7 dream sheep (Lair:5)
  A spectral black mamba (Tar:1)
  3 centaur simulacra (Coc:2)
  Sigmund (D:6)
  83 slime creatures
  An ettin zombie (Hell)
  25 culicivoras
  43 jumping spiders
  An ettin skeleton (Hell)
  4 air elementals
  39 flying skulls
  35 yaks
  8 dire elephant simulacra
  37 ushabtiu
  2 spriggans
  6 wyverns
  4 wraiths
  5 vampires
  31 water elementals
  11 ynoxinuls (Pan)
  4 basilisks
  3 shadows
  9 starcursed masses (Abyss:4)
  Eustachio (D:6)
  2 steam dragons
  A yaktaur simulacrum (Vaults:3)
  15 golden eyes
  7 hogs (D:12)
  8 chaos spawn (Pan)
  A tyrant leech zombie (Crypt:1)
  2 fire elementals
  A hog (shapeshifter) (Depths:1)
  73 redbacks
  A redback (shapeshifter) (Depths:1)
  An alligator snapping turtle simulacrum (Coc:3)
  6 vampire mosquitoes
  9 neqoxecs (Pan)
  A minotaur simulacrum (Crypt:1)
  2 human zombies
  Menkaure (D:5)
  15 harpy simulacra
  5 wargs
  5 hydra simulacra
  4 acid dragons
  3 floating eyes
  A naga skeleton (Tomb:2)
  Duvessa (D:5)
  17 hell hounds
  A floating eye (shapeshifter) (Vaults:5)
  2 hornet zombies (Ossuary)
  A dream sheep zombie (Crypt:2)
  12 water moccasins
  4 ice beasts
  A sky beast (D:6)
  25 large abominations
  36 orc warriors
  7 ettin simulacra
  3 black bears
  An ice dragon simulacrum (Crypt:1)
  An ogre (shapeshifter) (Vaults:5)
  3 boggarts (D:9)
  An elephant zombie (Crypt:2)
  5 ogres
  17 wolves
  16 centaurs
  A torpor snail zombie (Crypt:2)
  A rime drake zombie (Crypt:1)
  2 phantoms (D:6)
  Blork the orc (D:5)
  3 kobold brigands
  12 bullfrogs
  8 earth elementals
  A scorpion (D:5)
  A wyvern zombie (Crypt:2)
  A komodo dragon skeleton (Crypt:3)
  A draconian skeleton (Crypt:1)
  3 gnoll sergeants
  4 naga simulacra
  A water moccasin zombie (Ossuary)
  5 wights
  Dowan (D:5)
  12 killer bees
  7 howler monkeys
  10 electric eels
  A howler monkey (shapeshifter) (Depths:1)
  A troll skeleton (Crypt:2)
  9 bullfrog zombies (Ossuary)
  6 centaur zombies
  4 crimson imps (Pan)
  3 gnoll boudas
  A human simulacrum (Vaults:3)
  4 hounds
  19 orc priests
  A basilisk zombie (Crypt:2)
  A jelly (D:5)
  Terence (D:2)
  Natasha (thrice) (D:2)
  A sleepcap (D:6)
  Ijyb (D:5)
  3 iguanas
  19 orc wizards
  2 killer bee zombies (Ossuary)
  An acid dragon zombie (Crypt:1)
  4 howler monkey zombies (Ossuary)
  69 mummies
  Robin (D:2)
  36 gnolls
  5 adders
  A shadow imp (D:5)
  A white imp (D:6)
  An ufetubus (D:5)
  An adder skeleton (Crypt:2)
  2 worms
  3 dart slugs
  74 orcs
  5 ball pythons
  7 bats
  5 endoplasms
  3 giant cockroaches
  13 goblins
  13 hobgoblins
  6 quokkas
  7 frilled lizards
  2 frilled lizard skeletons (Crypt:3)
  A hobgoblin skeleton (Crypt:1)
  14 kobolds
  2 orc skeletons
  5 rats
  A river rat skeleton (Crypt:2)
  5 creeping infernos
  7 fire vortices
  2 starspawn tentacles (Abyss:4)
  4 tentacles (Abyss:4)
3869 creatures vanquished.

Vanquished Creatures (others)
  A sphinx (Tomb:1)
  2 eldritch tentacles (Pan)
  A fire giant (Vaults:2)
  A balrug (Pan)
  2 elemental wellsprings
  A lorocyproca (Pan)
  A soul eater (Pan)
  A spriggan simulacrum (Coc:1)
  A deep elf archer (Elf:3)
  A wizard (Vaults:1)
  An eye of devastation (Pan)
  An iron giant simulacrum (Coc:4)
  A hellwing (Pan)
  A dire elephant simulacrum (Coc:3)
  A hydra simulacrum (Coc:1)
  A hell hound (Hell)
  An orc warrior (Vaults:4)
  An orc (Orc:1)
  A creeping inferno (Geh:7)
  A fire vortex (Geh:7)
  3 starspawn tentacles (Abyss:4)
  8 tentacles (Abyss:4)
33 creatures vanquished.

Grand Total: 3902 creatures vanquished

Notes
Turn   | Place    | Note
-------+----------+-------------------------------------------
     0 | D:1      | UglyThing the Armataur Fighter began the quest for the Orb.
     0 | D:1      | Reached XP level 1. HP: 19/19 MP: 1/1
    86 | D:1      | Reached XP level 2. HP: 26/26 MP: 2/2
   844 | D:2      | Reached XP level 3. HP: 30/33 MP: 3/3
   981 | D:2      | Noticed Natasha
   991 | D:2      | Killed Natasha
  1043 | D:2      | Noticed Terence
  1055 | D:2      | Killed Terence
  1056 | D:2      | Reached XP level 4. HP: 35/40 MP: 4/4
  1059 | D:2      | Noticed Natasha
  1071 | D:2      | Killed Natasha
  1144 | D:2      | Noticed Robin
  1162 | D:2      | Noticed Natasha
  1177 | D:2      | Killed Natasha
  1178 | D:2      | Reached XP level 5. HP: 48/48 MP: 5/5
  1189 | D:2      | Killed Robin
  1842 | D:3      | Found a hide-covered altar of Uskayaw.
  1843 | D:3      | Found a stormy altar of Qazlal.
  1850 | D:3      | Became a worshipper of Uskayaw the Reveller
  1877 | D:3      | Reached skill level 5 in Armour
  1884 | D:3      | Reached * piety under Uskayaw
  1978 | D:3      | Reached ** piety under Uskayaw
  1982 | D:3      | Reached *** piety under Uskayaw
  1986 | D:3      | Reached XP level 6. HP: 50/55 MP: 2/6
  2422 | D:3      | Noticed a water moccasin
  2775 | D:4      | Found a sacrificial altar of Ru.
  3073 | D:5      | Entered Level 5 of the Dungeon
  3122 | D:5      | Reached skill level 1 in Invocations
  3124 | D:5      | Reached skill level 5 in Shields
  3125 | D:5      | Reached **** piety under Uskayaw
  3130 | D:5      | Reached XP level 7. HP: 48/63 MP: 2/8
  3183 | D:5      | Identified the +3 chain mail of the Ecumenical Temple
                  | {+Blink Fly Str+4 Stlth+}
  3295 | D:5      | Noticed Menkaure
  3300 | D:5      | Killed Menkaure
  3437 | D:5      | Noticed Ijyb
  3462 | D:5      | Killed Ijyb
  3602 | D:5      | Noticed Duvessa
  3602 | D:5      | Noticed Dowan
  3626 | D:5      | Killed Duvessa
  3627 | D:5      | Reached XP level 8. HP: 71/71 MP: 8/10
  3637 | D:5      | Killed Dowan
  3787 | D:5      | Noticed Blork the orc
  3791 | D:5      | Killed Blork the orc
  3973 | D:5      | Reached skill level 5 in Fighting
  4506 | D:6      | Reached skill level 5 in Maces & Flails
  4509 | D:6      | Noticed Sigmund
  4602 | D:6      | Killed Sigmund
  4625 | D:6      | Found a staircase to the Ecumenical Temple.
  4638 | D:6      | Reached XP level 9. HP: 68/79 MP: 12/12
  5078 | D:6      | Noticed Eustachio
  5095 | D:6      | Killed Eustachio
  5119 | D:6      | Found a transporter.
  5119 | D:6      | Found Nuvayhott's Weapon Emporium.
  5310 | D:6      | Found a transporter.
  5614 | D:7      | You are sucked into a shaft and drop 1 floor!
  5636 | D:8      | Found Vawun's Armour Boutique.
  5687 | D:8      | Reached skill level 5 in Invocations
  5695 | D:8      | Reached ***** piety under Uskayaw
  5709 | D:8      | Found a sand-covered staircase.
  5719 | Ossuary  | Entered an ossuary
  5881 | Ossuary  | Reached XP level 10. HP: 89/89 MP: 10/14
  6003 | D:8      | Noticed a two-headed ogre
  6009 | D:7      | Found an ancient bone altar of Kikubaaqudgha.
  6009 | D:7      | Found a white marble altar of Elyvilon.
  6066 | D:7      | Noticed Joseph
  6078 | D:7      | Killed Joseph
  6631 | D:7      | Identified the +4 falchion of Extinguishment {heavy, rN++}
  7060 | D:8      | Killed a two-headed ogre
  7398 | D:8      | Found Wappo's Elemental Accessories.
  8479 | D:10     | Entered Level 10 of the Dungeon
  8489 | D:10     | Noticed a two-headed ogre
  8511 | D:10     | Killed a two-headed ogre
  8514 | D:10     | Reached XP level 11. HP: 81/98 MP: 10/16
  8540 | D:10     | Reached skill level 10 in Armour
  8813 | D:10     | Found a staircase to the Lair.
  8827 | Lair:1   | Entered Level 1 of the Lair of Beasts
  8924 | D:10     | Identified the +2 trident "Canin" {holy, rF+ Str+3}
  8924 | D:10     | Noticed a deep elf pyromancer
  8947 | D:10     | Killed a deep elf pyromancer
  9027 | D:10     | Found a runed translucent door.
  9027 | D:10     | Noticed turdburglar's ghost (novice TrFi)
  9094 | D:10     | Found a staircase to the Orcish Mines.
  9447 | D:9      | Reached ****** piety under Uskayaw
 10640 | D:11     | Found a large runed translucent door.
 10640 | D:11     | Found a large runed translucent door.
 10643 | D:11     | Noticed a centaur warrior
 10662 | D:11     | Reached skill level 10 in Shields
 10677 | D:11     | Noticed a two-headed ogre
 10678 | D:11     | Noticed a two-headed ogre
 10688 | D:11     | Killed a two-headed ogre
 10689 | D:11     | Killed a two-headed ogre
 10843 | D:11     | Found a large runed translucent door.
 10843 | D:11     | Found a large runed translucent door.
 10910 | D:11     | Reached XP level 12. HP: 70/110 MP: 11/18
 11108 | D:11     | Noticed a boulder beetle
 11133 | D:11     | Killed a boulder beetle
 11690 | D:12     | Noticed a two-headed ogre
 12026 | Lair:1   | Noticed Fannar
 12053 | Lair:1   | Killed Fannar
 12456 | Lair:1   | Noticed Erica
 12467 | Lair:1   | Killed Erica
 12753 | Lair:1   | Identified 3 scrolls of acquirement
 13301 | Lair:2   | Noticed a five-headed hydra
 13309 | Lair:2   | Killed a five-headed hydra
 13310 | Lair:2   | Reached XP level 13. HP: 101/119 MP: 17/20
 13443 | Lair:2   | Noticed Nergalle
 13454 | Lair:2   | Killed Nergalle
 13678 | Lair:2   | Found a hole to the Spider Nest.
 14042 | Lair:3   | Reached skill level 10 in Fighting
 14199 | Lair:3   | Found a staircase to the Shoals.
 14219 | Lair:3   | Reached skill level 10 in Invocations
 14522 | Lair:3   | Reached skill level 10 in Maces & Flails
 15362 | Lair:4   | Found a runed translucent door.
 15362 | Lair:4   | Found a viscous altar of Jiyva.
 15362 | Lair:4   | Noticed an acid blob
 15362 | Lair:4   | Noticed an acid blob
 15363 | Lair:4   | Noticed an acid blob
 15364 | Lair:4   | Found a staircase to the Slime Pits.
 15364 | Lair:4   | Noticed an acid blob
 15788 | Lair:5   | Entered Level 5 of the Lair of Beasts
 15825 | Lair:5   | Found a dark tunnel.
 15834 | Volcano  | Entered a volcano
 16294 | Lair:5   | Reached XP level 14. HP: 130/130 MP: 22/22
 17234 | Lair:5   | Found a burning altar of Makhleb.
 17285 | Lair:5   | Found a gateway to Hell.
 17292 | Lair:5   | Identified the ring of Wogih {rF+++ Will+ Int-3 Dex+4}
 17830 | Orc:1    | Entered Level 1 of the Orcish Mines
 18044 | Orc:1    | Noticed Snorg
 18051 | Orc:1    | Killed Snorg
 18342 | Orc:2    | Entered Level 2 of the Orcish Mines
 18342 | Orc:2    | Found a staircase to the Elven Halls.
 18676 | Orc:2    | Found Daameduz's Magic Scroll Shoppe.
 18683 | Orc:2    | Bought a scroll of blinking for 135 gold pieces
 18683 | Orc:2    | Bought a scroll of teleportation for 54 gold pieces
 18891 | Orc:2    | Noticed an orc warlord
 18900 | Orc:2    | Killed an orc warlord
 18900 | Orc:2    | Found Petsiefo's Antique Armour Boutique.
 19112 | Orc:2    | Found Duosig's Antique Weapon Shop.
 19219 | Lair:1   | Acquired 757 gold pieces
 19223 | Lair:1   | Acquired a manual of Fighting
 19228 | Lair:1   | Acquired the ring of Zumahioh {rPois rC+ rN+ Will+ Stlth+}
 19267 | Shoals:1 | Entered Level 1 of the Shoals
 19274 | Shoals:1 | Noticed Donald
 19286 | Shoals:1 | Killed Donald
 19387 | Shoals:1 | Reached XP level 15. HP: 77/141 MP: 3/24
 19563 | Shoals:1 | Reached skill level 15 in Armour
 20344 | Shoals:2 | Noticed a frost giant
 21100 | Shoals:2 | Killed a frost giant
 22512 | Shoals:3 | Reached XP level 16. HP: 154/154 MP: 25/25
 22512 | Shoals:3 | Identified the +6 ring mail of the Mantidfly {*Slow rN+++
                  | Int+5}
 22816 | Shoals:3 | Reached skill level 15 in Shields
 23202 | Shoals:4 | Entered Level 4 of the Shoals
 24020 | Shoals:4 | Acquired the +1 barding of Vanity {rC+ Regen+ Int+2 SInv}
 24062 | Shoals:4 | Got a barnacled rune of Zot
 24387 | Shoals:4 | Noticed Polyphemus
 24391 | Shoals:4 | Killed Polyphemus
 24683 | D:8      | Bought a +0 crystal plate armour for 800 gold pieces
 24924 | D:12     | Identified the +7 rapier "Z" {pain, Fly rN+}
 24957 | D:12     | Noticed Kirke
 24973 | D:12     | Noticed a sphinx
 24973 | D:12     | Killed Kirke
 25409 | D:13     | Found Doghudgh's Weapon Boutique.
 25502 | D:13     | Reached skill level 15 in Fighting
 25958 | D:14     | Reached XP level 17. HP: 157/166 MP: 24/27
 26037 | D:14     | Found a gate to the Vaults.
 26714 | D:13     | Bought the +2 morningstar of Duqoidoy {flame, rElec rCorr
                  | Int+3 Dex-3} for 588 gold pieces
 26764 | Vaults:1 | Entered Level 1 of the Vaults
 26938 | Vaults:1 | Found Wecvipn's Assorted Antiques.
 27025 | Vaults:1 | Found Qedyth's Distillery.
 27031 | Vaults:1 | Bought a potion of berserk rage for 50 gold pieces
 27031 | Vaults:1 | Bought a potion of might for 40 gold pieces
 27031 | Vaults:1 | Bought a potion of haste for 100 gold pieces
 27083 | Vaults:1 | Found a portal to a secret trove of treasure.
 27510 | Vaults:1 | Found Cyotir's Antique Armour Boutique.
 27902 | Vaults:1 | Found Lam Bof's Antique Weapon Boutique.
 28458 | Vaults:2 | Identified the +0 robe of Hargh {Int+3}
 28609 | Vaults:2 | Found Ril Eco's Book Emporium.
 28646 | Vaults:2 | Reached skill level 15 in Invocations
 28649 | Vaults:2 | Reached XP level 18. HP: 86/179 MP: 4/29
 29999 | Vaults:3 | Found Noikijas's Antique Weapon Shoppe.
 30563 | Vaults:3 | Found a staircase to the Crypt.
 30709 | Vaults:3 | Reached skill level 15 in Maces & Flails
 30751 | Vaults:3 | Reached XP level 19. HP: 167/189 MP: 25/30
 30908 | Vaults:3 | Found Zutawul's Antique Armour Shop.
 30913 | Vaults:3 | Bought a pair of glowing gloves for 277 gold pieces
 30937 | Vaults:3 | Found Iloy's General Store.
 31040 | Vaults:3 | Found Tokkut Vunlu's Assorted Antiques.
 31370 | Vaults:3 | Found Kirips's Antique Armour Boutique.
 31376 | Vaults:3 | Bought a heavily runed hat for 369 gold pieces
 31376 | Vaults:3 | Identified the +2 hat of Death's Door {rElec rF- Regen+
                  | Int+6} (You bought it in a shop on level 3 of the Vaults)
 31675 | Vaults:4 | Noticed Saint Roka
 31679 | Vaults:4 | Killed Saint Roka
 31714 | Vaults:4 | Noticed Jory
 31721 | Vaults:4 | Killed Jory
 32614 | Vaults:4 | Found Sacamocs's Armour Shop.
 32929 | Vaults:3 | Bought a pair of glowing gloves for 307 gold pieces
 33170 | Elf:1    | Entered Level 1 of the Elven Halls
 33263 | Elf:1    | Paralysed by an air elemental for 1 turns
 33737 | Elf:1    | Got the Information on the Gathering
 34240 | Elf:2    | Found Mabuupiu's Magic Scroll Emporium.
 34438 | Elf:2    | Found a runed translucent gate.
 34438 | Elf:2    | Found a runed translucent gate.
 34438 | Elf:2    | Found a runed translucent gate.
 34579 | Elf:2    | Reached XP level 20. HP: 196/200 MP: 30/32
 34946 | Abyss:4  | Cast into level 4 of the Abyss (+0 battleaxe of distortion)
 34965 | Abyss:4  | Found a corrupted altar of Lugonu.
 34968 | Abyss:4  | Paralysed by accursed screaming for 1 turns
 34972 | Abyss:4  | Paralysed by accursed screaming for 1 turns
 35030 | Abyss:4  | Got an abyssal rune of Zot
 35041 | Elf:2    | Escaped the Abyss
 35356 | Elf:3    | Entered Level 3 of the Elven Halls
 35403 | Elf:3    | Noticed Asterion
 35410 | Elf:3    | Killed Asterion
 36246 | Elf:3    | Identified the -2 helmet "Xifaokh" {rF++ Dex+2 Stlth-}
 36284 | Elf:3    | Identified the ring "Plog" {rPois Int+3}
 36289 | Elf:3    | Identified the +2 morningstar of Dissent {antimagic, rC+
                  | Str+3}
 36302 | Elf:3    | Identified the staff of earth "Ynto" {rN++ rCorr Dex-5}
 36303 | Elf:3    | Identified the staff of poison "Vujuew" {rPois rF+ Int+5
                  | Dex+2}
 36319 | Elf:3    | Got the Collected Works on Obstruction
 36326 | Elf:3    | Identified the +5 chain mail of Divine Compulsion {rN+
                  | rCorr}
 36330 | Elf:3    | Identified the +0 ice dragon scales of Infinity {rF- rC++
                  | Regen+ rCorr Dex-4}
 36336 | Elf:3    | Got Ecamev's Secrets of Changing
 36350 | Elf:3    | Got the Omnibus of Shifting Ill Luck
 36694 | Orc:2    | Bought a ruby-encrusted plate armour for 896 gold pieces
 36694 | Orc:2    | Identified the +4 plate armour "Pupaop" {Rampage rElec}
                  | (You bought it in a shop on level 2 of the Orcish Mines)
 36748 | Orc:2    | Bought a scroll of acquirement for 936 gold pieces
 36891 | Spider:1 | Entered Level 1 of the Spider Nest
 37186 | Spider:1 | Identified the +5 short sword "Osabboth" {spect, Int+4
                  | Stlth-}
 37347 | Spider:1 | Reached XP level 21. HP: 209/209 MP: 33/33
 38287 | Spider:2 | Identified the +4 ring mail "Daiqinoa" {rF+}
 39362 | Spider:3 | Identified the +0 helmet "Ewkoav" {rPois Regen+}
 40095 | Spider:4 | Entered Level 4 of the Spider Nest
 40095 | Spider:4 | Noticed Bai Suzhen
 40099 | Spider:4 | Noticed Louise
 40108 | Spider:3 | Killed Bai Suzhen
 40210 | Spider:4 | Killed Louise
 40431 | Spider:4 | Noticed Mara
 40441 | Spider:4 | Noticed UglyThing's illusion
 40447 | Spider:4 | Killed Mara
 40538 | Spider:4 | Found the +8 storm bow {elec, penet}
 40941 | Spider:4 | Identified the +0 pair of gloves of the Dice {Harm rCorr
                  | MP+9 Int+2}
 40982 | Spider:4 | Got a gossamer rune of Zot
 41504 | Crypt:1  | Entered Level 1 of the Crypt
 41800 | Crypt:1  | Noticed a royal mummy
 41826 | Crypt:1  | Killed a royal mummy
 41852 | Crypt:1  | Noticed a royal mummy
 41853 | Crypt:1  | Identified the ring of Kaoq {Ice rPois}
 41853 | Crypt:1  | Noticed Josephina
 41876 | Crypt:1  | Killed a royal mummy
 41890 | Crypt:1  | Noticed Khufu
 41898 | Crypt:1  | Killed Khufu
 41899 | Crypt:1  | Reached XP level 22. HP: 187/220 MP: 26/35
 41911 | Crypt:1  | Killed Josephina
 42095 | Crypt:1  | Noticed Grunn
 42114 | Crypt:1  | Killed Grunn
 42331 | Crypt:1  | Noticed Margery
 42345 | Crypt:1  | Killed Margery
 43319 | Crypt:3  | Entered Level 3 of the Crypt
 43319 | Crypt:3  | Noticed Xtahua
 43328 | Crypt:3  | Killed Xtahua
 43350 | Crypt:3  | Noticed Mennas
 43351 | Crypt:3  | Killed Mennas
 43775 | Crypt:3  | Found a staircase to the Tomb.
 43946 | Crypt:3  | Found a runed translucent gate.
 43946 | Crypt:3  | Found a runed translucent gate.
 43946 | Crypt:3  | Found a runed translucent gate.
 43947 | Crypt:3  | Noticed Jetyrhek's ghost (veteran GrEE)
 43960 | Crypt:3  | Killed Jetyrhek's ghost
 44022 | Crypt:3  | Noticed Boris
 44034 | Crypt:3  | Killed Boris
 44169 | Crypt:3  | Reached XP level 23. HP: 155/230 MP: 33/36
 44173 | Crypt:3  | Noticed a royal mummy
 44174 | Crypt:3  | Killed a royal mummy
 44335 | Crypt:3  | Found a basalt altar of Yredelemnul.
 44338 | Crypt:3  | Found an ancient bone altar of Kikubaaqudgha.
 44421 | Crypt:3  | Got Kikubaaqudgha's Commentary on Unspeakable Secrets
 44431 | Crypt:3  | Identified the staff of death "Qipur" {rC+++ rN+ MP-9
                  | Int+4}
 44451 | Crypt:3  | Noticed a curse toe
 44461 | Crypt:3  | Killed a curse toe
 44486 | Crypt:3  | Identified the staff of air "Fankyddu" {rElec Int+4}
 44488 | Crypt:3  | Identified the +6 shortbow "Ceref" {antimagic, Str+3}
 44489 | Crypt:3  | Identified the +5 sling of the Eight Continents {flame,
                  | Dex+8}
 44805 | Vaults:5 | Entered Level 5 of the Vaults
 44980 | Vaults:5 | Found the +3 pair of mountain boots {steadfast, rC+}
 45104 | Vaults:5 | Identified the +5 dire flail "Zayrot" {flame, Str+5}
 45300 | Vaults:5 | Noticed a dread lich
 45386 | Vaults:5 | Found Distrum's Magic Scroll Shop.
 45390 | Vaults:5 | Bought a scroll of fog for 92 gold pieces
 45390 | Vaults:5 | Bought a scroll of teleportation for 69 gold pieces
 45640 | Vaults:5 | Identified the +6 dagger "Nemn" {flame, +Blink Will+ Dex+2}
 45843 | Vaults:5 | Identified the staff of cold "Xaducod" {+Blink rC+ rCorr
                  | Stlth-}
 45953 | Vaults:5 | Identified the +5 glaive of Chance {flame, rN+ Str+2 Dex+3}
 46124 | Vaults:5 | Reached XP level 24. HP: 228/229 MP: 37/37
 46130 | Vaults:5 | Killed a dread lich
 46308 | Vaults:5 | Identified the staff of air "Johanof" {rElec rC+ Str-5
                  | Int+5}
 46310 | Vaults:5 | Identified the +0 falchion of Peace {venom, rPois Stlth+}
 46473 | Vaults:5 | Found the +8 orange crystal plate armour {Archmagi, Int+3
                  | Clar}
 46476 | Vaults:5 | Got Tunurghe's Papyrus of Concussion and Transfiguration
 46649 | Vaults:5 | Got a silver rune of Zot
 46661 | Vaults:5 | Identified the staff of cold "Faddobluito" {Contam rC+
                  | Str+4 Dex+2}
 47017 | Slime:1  | Entered Level 1 of the Pits of Slime
 47076 | Slime:2  | Gained mutation: You have large cloven feet. [a shining
                  | eye]
 47082 | Slime:2  | Reached skill level 1 in Spellcasting
 47489 | Slime:5  | Entered Level 5 of the Pits of Slime
 47553 | Slime:5  | Noticed the Royal Jelly
 47554 | Slime:5  | Found a viscous altar of Jiyva.
 47576 | Slime:5  | Killed the Royal Jelly
 47675 | Slime:5  | Identified the +4 short sword of Bucesm {flame, Int+3}
 47684 | Slime:5  | Identified the ring "Bibe" {rC+ Int+2}
 47700 | Slime:5  | Identified the ring "Sitototy" {rF+ rN++ MP+9}
 47712 | Slime:5  | Identified the +7 long sword of Zuorchu {heavy, Fly rElec}
 47729 | Slime:5  | Got a slimy rune of Zot
 47761 | Slime:5  | Identified the +4 ring mail of the Present {-Tele rC++}
 48057 | D:15     | Entered Level 15 of the Dungeon
 48378 | D:15     | Found a staircase to the Depths.
 48476 | Depths:1 | Entered Level 1 of the Depths
 48536 | Depths:1 | Found a runed translucent gate.
 48536 | Depths:1 | Found a runed translucent gate.
 48536 | Depths:1 | Found a runed translucent gate.
 48595 | Depths:1 | Found an opulent altar of Gozag.
 48669 | Depths:1 | Found a runed translucent gate.
 48669 | Depths:1 | Found a runed translucent gate.
 48674 | Depths:1 | Noticed Zoodd's ghost (adept FoFi)
 48679 | Depths:1 | Found a runed translucent gate.
 48713 | Depths:1 | Killed Zoodd's ghost
 48725 | Depths:1 | Learned a level 1 spell: Apportation
 48725 | Depths:1 | Identified the +1 pair of gloves "Etura" {Will+ Str+3 SInv}
 49097 | Depths:1 | Found a shimmering blue altar of Sif Muna.
 49265 | Depths:1 | Reached skill level 1 in Translocations
 49285 | Depths:1 | Found a one-way gate to the infinite horrors of the Abyss.
 49463 | Depths:2 | Reached XP level 25. HP: 242/251 MP: 37/37
 49667 | Depths:2 | Noticed Vv
 49683 | Depths:2 | Killed Vv
 50172 | Depths:2 | Noticed Boris
 50184 | Depths:2 | Killed Boris
 50305 | Depths:2 | Noticed a juggernaut
 50312 | Depths:2 | Killed a juggernaut
 50360 | Depths:2 | Found a one-way gate leading to the halls of Pandemonium.
 50368 | Depths:2 | Identified the amulet "Jasome" {Reflect Rampage Fragile
                  | rElec Int+6 SH+5 Stlth+}
 50403 | Depths:2 | Got the Vellum of Unhallowed Rituals
 50442 | Depths:2 | Found a one-way gateway to a ziggurat.
 50456 | Depths:2 | Identified the ring of Sunlight {Wiz Dex+4}
 50565 | Depths:2 | Learned a level 4 spell: Passage of Golubria
 50586 | Depths:2 | Learned a level 5 spell: Silence
 50681 | Depths:3 | Noticed the Enchantress
 50691 | Depths:3 | Killed the Enchantress
 50707 | Depths:3 | Reached skill level 1 in Air Magic
 50713 | Depths:3 | Reached skill level 1 in Hexes
 50805 | Depths:3 | Found a runed translucent gate.
 50827 | Depths:3 | Identified the +3 scale mail of Hangman {Will- MP+9 Str+3
                  | Int+5}
 51048 | Depths:3 | Found a runed translucent gate.
 51048 | Depths:3 | Found a runed translucent gate.
 51068 | Depths:3 | Found an opulent altar of Gozag.
 51196 | Depths:4 | Entered Level 4 of the Depths
 51196 | Depths:4 | Noticed Sojobo
 51212 | Depths:4 | Killed Sojobo
 51463 | Depths:4 | Reached skill level 5 in Translocations
 51547 | Pan      | Entered Pandemonium
 51602 | Pan      | Gained mutation: Your body sometimes deteriorates upon
                  | taking damage. [a cacodemon]
 51652 | Pan      | Reached XP level 26. HP: 210/263 MP: 37/37
 51865 | Pan      | Found a runed translucent door.
 51875 | Pan      | Found a runed translucent door.
 51878 | Pan      | Found a runed translucent door.
 51885 | Pan      | Found a runed translucent door.
 51903 | Pan      | Noticed Zew Fodekefi the pandemonium lord
 51914 | Pan      | Killed Zew Fodekefi the pandemonium lord
 52004 | Pan      | Noticed Ufaaz the pandemonium lord
 52025 | Pan      | Killed Ufaaz the pandemonium lord
 52188 | Pan      | Entered the realm of Lom Lobon.
 52512 | Pan      | Reached skill level 5 in Spellcasting
 52619 | Pan      | Noticed Lom Lobon
 52622 | Pan      | Killed Lom Lobon
 52817 | Pan      | Got a magical rune of Zot
 52924 | Pan      | Found an exit through the horrors of the Abyss.
 52955 | Pan      | Entered the realm of Gloorx Vloq.
 53104 | Pan      | Found an exit through the horrors of the Abyss.
 53375 | Pan      | Noticed Gloorx Vloq
 53375 | Pan      | Killed Gloorx Vloq
 53424 | Pan      | Got a dark rune of Zot
 53555 | Pan      | Noticed Anleorchi the pandemonium lord
 53558 | Pan      | Killed Anleorchi the pandemonium lord
 53685 | Pan      | Got a demonic rune of Zot
 53724 | Pan      | Entered the realm of Mnoleg.
 53724 | Pan      | Noticed Mnoleg
 53727 | Pan      | Gained mutation: You are dopey. (Int -2) [a shining eye]
 53728 | Pan      | Gained mutation: You are clumsy. (Dex -2) [a shining eye]
 53729 | Pan      | Gained mutation: You are weak. (Str -2) [a shining eye]
 53729 | Pan      | Lost mutation: You are weak. (Str -2) [a shining eye]
 53729 | Pan      | Gained mutation: Your body often deteriorates upon taking
                  | damage. [a shining eye]
 53785 | Pan      | Reached XP level 27. HP: 271/271 MP: 25/37
 53870 | Pan      | Gained mutation: You do not regenerate when monsters are
                  | visible. [a cacodemon]
 53888 | Pan      | Reached skill level 5 in Hexes
 53891 | Pan      | Lost mutation: You have large cloven feet. [potion of
                  | mutation]
 53891 | Pan      | Lost mutation: You are dopey. (Int -2) [potion of mutation]
 53891 | Pan      | Lost mutation: Your body often deteriorates upon taking
                  | damage. [potion of mutation]
 53891 | Pan      | Lost mutation: Your body sometimes deteriorates upon taking
                  | damage. [potion of mutation]
 53891 | Pan      | Gained mutation: You passively map a small area around you.
                  | [potion of mutation]
 53891 | Pan      | Gained mutation: You are occasionally teleported next to
                  | monsters. [potion of mutation]
 53891 | Pan      | Gained mutation: You are often teleported next to monsters.
                  | [potion of mutation]
 53891 | Pan      | Lost mutation: You do not regenerate when monsters are
                  | visible. [potion of mutation]
 53891 | Pan      | Gained mutation: You have large cloven feet. [potion of
                  | mutation]
 53892 | Pan      | Lost mutation: You have large cloven feet. [potion of
                  | mutation]
 53892 | Pan      | Lost mutation: You are clumsy. (Dex -2) [potion of
                  | mutation]
 53892 | Pan      | Lost mutation: You passively map a small area around you.
                  | [potion of mutation]
 53892 | Pan      | Lost mutation: You are often teleported next to monsters.
                  | [potion of mutation]
 53892 | Pan      | Lost mutation: You are occasionally teleported next to
                  | monsters. [potion of mutation]
 53892 | Pan      | Gained mutation: You are strong-willed. (Will+) [potion of
                  | mutation]
 53892 | Pan      | Lost mutation: You are strong-willed. (Will+) [potion of
                  | mutation]
 53892 | Pan      | Gained mutation: Your tail ends in a venomous barb. [potion
                  | of mutation]
 53892 | Pan      | Gained mutation: You are partially covered in iridescent
                  | scales. (AC +2) [potion of mutation]
 53892 | Pan      | Gained mutation: You have large cloven feet. [potion of
                  | mutation]
 53892 | Pan      | Gained mutation: Your spells are a little easier to cast,
                  | but a little less powerful. [potion of mutation]
 53892 | Pan      | Gained mutation: You are strong-willed. (Will+) [potion of
                  | mutation]
 53919 | Pan      | Gained mutation: Your body sometimes deteriorates upon
                  | taking damage. [a shining eye]
 53948 | Pan      | Reached skill level 5 in Air Magic
 53949 | Pan      | Gained mutation: You are dopey. (Int -2) [a shining eye]
 53961 | Pan      | Killed Mnoleg
 53967 | Pan      | Gained mutation: You have hidden genetic defects. [a
                  | shining eye]
 53972 | Pan      | Gained mutation: You occasionally lose the ability to drink
                  | potions when taking damage. [a shining eye]
 54057 | Pan      | Got a glowing rune of Zot
 54126 | Pan      | Lost mutation: You have large cloven feet. [potion of
                  | mutation]
 54126 | Pan      | Lost mutation: You are partially covered in iridescent
                  | scales. (AC +2) [potion of mutation]
 54126 | Pan      | Lost mutation: You are strong-willed. (Will+) [potion of
                  | mutation]
 54126 | Pan      | Lost mutation: You are dopey. (Int -2) [potion of mutation]
 54126 | Pan      | Lost mutation: You have hidden genetic defects. [potion of
                  | mutation]
 54126 | Pan      | Lost mutation: Your spells are a little easier to cast, but
                  | a little less powerful. [potion of mutation]
 54126 | Pan      | Gained mutation: Your body often deteriorates upon taking
                  | damage. [potion of mutation]
 54126 | Pan      | Gained mutation: You are partially covered in iridescent
                  | scales. (AC +2) [potion of mutation]
 54126 | Pan      | Gained mutation: Your movements are slightly less
                  | encumbered by armour. (ER -2) [potion of mutation]
 54126 | Pan      | Gained mutation: You are clumsy. (Dex -2) [potion of
                  | mutation]
 54126 | Pan      | Gained mutation: You have large cloven feet. [potion of
                  | mutation]
 54127 | Pan      | Lost mutation: You occasionally lose the ability to drink
                  | potions when taking damage. [potion of mutation]
 54127 | Pan      | Lost mutation: You have large cloven feet. [potion of
                  | mutation]
 54127 | Pan      | Lost mutation: You are clumsy. (Dex -2) [potion of
                  | mutation]
 54127 | Pan      | Lost mutation: Your movements are slightly less encumbered
                  | by armour. (ER -2) [potion of mutation]
 54127 | Pan      | Lost mutation: Your tail ends in a venomous barb. [potion
                  | of mutation]
 54127 | Pan      | Lost mutation: You are partially covered in iridescent
                  | scales. (AC +2) [potion of mutation]
 54127 | Pan      | Gained mutation: You are frail. (-10% HP) [potion of
                  | mutation]
 54127 | Pan      | Gained mutation: Your system is resistant to poisons.
                  | (rPois) [potion of mutation]
 54127 | Pan      | Gained mutation: You are dopey. (Int -2) [potion of
                  | mutation]
 54127 | Pan      | Lost mutation: You are dopey. (Int -2) [potion of mutation]
 54127 | Pan      | Gained mutation: You occasionally lose the ability to read
                  | scrolls when taking damage. [potion of mutation]
 54127 | Pan      | Gained mutation: You are partially covered in iridescent
                  | scales. (AC +2) [potion of mutation]
 54128 | Pan      | Lost mutation: You are frail. (-10% HP) [potion of
                  | mutation]
 54128 | Pan      | Lost mutation: You are partially covered in iridescent
                  | scales. (AC +2) [potion of mutation]
 54128 | Pan      | Lost mutation: You occasionally lose the ability to read
                  | scrolls when taking damage. [potion of mutation]
 54128 | Pan      | Lost mutation: Your body often deteriorates upon taking
                  | damage. [potion of mutation]
 54128 | Pan      | Lost mutation: Your system is resistant to poisons. (rPois)
                  | [potion of mutation]
 54128 | Pan      | Lost mutation: Your body sometimes deteriorates upon taking
                  | damage. [potion of mutation]
 54128 | Pan      | Gained mutation: You are dopey. (Int -2) [potion of
                  | mutation]
 54128 | Pan      | Gained mutation: You are vulnerable to heat. (rF-) [potion
                  | of mutation]
 54128 | Pan      | Gained mutation: Your muscles are strong. (Str +4, Int/Dex
                  | -1) [potion of mutation]
 54128 | Pan      | Gained mutation: You have a pair of small horns on your
                  | head. [potion of mutation]
 54128 | Pan      | Lost mutation: You are dopey. (Int -2) [potion of mutation]
 54129 | Pan      | Lost mutation: You have a pair of small horns on your head.
                  | [potion of mutation]
 54129 | Pan      | Lost mutation: Your muscles are strong. (Str +4, Int/Dex
                  | -1) [potion of mutation]
 54129 | Pan      | Lost mutation: You are vulnerable to heat. (rF-) [potion of
                  | mutation]
 54129 | Pan      | Gained mutation: You occasionally lose the ability to drink
                  | potions when taking damage. [potion of mutation]
 54129 | Pan      | Lost mutation: You occasionally lose the ability to drink
                  | potions when taking damage. [potion of mutation]
 54129 | Pan      | Gained mutation: You are occasionally teleported next to
                  | monsters. [potion of mutation]
 54129 | Pan      | Gained mutation: You have an increased reservoir of magic.
                  | (+10% MP) [potion of mutation]
 54129 | Pan      | Gained mutation: You are robust. (+10% HP) [potion of
                  | mutation]
 54129 | Pan      | Gained mutation: You have hidden genetic potential. [potion
                  | of mutation]
 54129 | Pan      | Gained mutation: You expend magic power (3 MP) to
                  | strengthen your wands. [potion of mutation]
 54130 | Pan      | Lost mutation: You expend magic power (3 MP) to strengthen
                  | your wands. [potion of mutation]
 54130 | Pan      | Lost mutation: You have hidden genetic potential. [potion
                  | of mutation]
 54130 | Pan      | Lost mutation: You are robust. (+10% HP) [potion of
                  | mutation]
 54130 | Pan      | Lost mutation: You have an increased reservoir of magic.
                  | (+10% MP) [potion of mutation]
 54130 | Pan      | Lost mutation: You are occasionally teleported next to
                  | monsters. [potion of mutation]
 54130 | Pan      | Gained mutation: You are vulnerable to heat. (rF-) [potion
                  | of mutation]
 54130 | Pan      | Gained mutation: You sometimes lose your temper in combat.
                  | [potion of mutation]
 54130 | Pan      | Gained mutation: You are clumsy. (Dex -2) [potion of
                  | mutation]
 54130 | Pan      | Gained mutation: You are frail. (-10% HP) [potion of
                  | mutation]
 54130 | Pan      | Gained mutation: You are covered in fur. (AC +1) [potion of
                  | mutation]
 54130 | Pan      | Gained mutation: You are partially covered in iridescent
                  | scales. (AC +2) [potion of mutation]
 54131 | Pan      | Lost mutation: You are frail. (-10% HP) [potion of
                  | mutation]
 54131 | Pan      | Lost mutation: You are vulnerable to heat. (rF-) [potion of
                  | mutation]
 54131 | Pan      | Lost mutation: You are partially covered in iridescent
                  | scales. (AC +2) [potion of mutation]
 54131 | Pan      | Lost mutation: You are clumsy. (Dex -2) [potion of
                  | mutation]
 54131 | Pan      | Lost mutation: You are covered in fur. (AC +1) [potion of
                  | mutation]
 54131 | Pan      | Lost mutation: You sometimes lose your temper in combat.
                  | [potion of mutation]
 54131 | Pan      | Gained mutation: You have hidden genetic defects. [potion
                  | of mutation]
 54131 | Pan      | Gained mutation: Your body sometimes deteriorates upon
                  | taking damage. [potion of mutation]
 54131 | Pan      | Gained mutation: Your mind is acute. (Int +4, Str/Dex -1)
                  | [potion of mutation]
 54132 | Pan      | Lost mutation: You have hidden genetic defects. [potion of
                  | mutation]
 54132 | Pan      | Lost mutation: Your mind is acute. (Int +4, Str/Dex -1)
                  | [potion of mutation]
 54132 | Pan      | Lost mutation: Your body sometimes deteriorates upon taking
                  | damage. [potion of mutation]
 54132 | Pan      | Gained mutation: You expend magic power (3 MP) to
                  | strengthen your wands. [potion of mutation]
 54132 | Pan      | Gained mutation: You occasionally lose the ability to read
                  | scrolls when taking damage. [potion of mutation]
 54132 | Pan      | Gained mutation: You are dopey. (Int -2) [potion of
                  | mutation]
 54132 | Pan      | Gained mutation: You possess an exceptional clarity of
                  | mind. [potion of mutation]
 54132 | Pan      | Lost mutation: You are dopey. (Int -2) [potion of mutation]
 54133 | Pan      | Lost mutation: You expend magic power (3 MP) to strengthen
                  | your wands. [potion of mutation]
 54133 | Pan      | Lost mutation: You occasionally lose the ability to read
                  | scrolls when taking damage. [potion of mutation]
 54133 | Pan      | Lost mutation: You possess an exceptional clarity of mind.
                  | [potion of mutation]
 54133 | Pan      | Gained mutation: You occasionally shout uncontrollably at
                  | your foes. [potion of mutation]
 54133 | Pan      | Gained mutation: You have hidden genetic defects. [potion
                  | of mutation]
 54133 | Pan      | Gained mutation: Your spells are a little harder to cast,
                  | but a little more powerful. [potion of mutation]
 54133 | Pan      | Gained mutation: You are vulnerable to cold. (rC-) [potion
                  | of mutation]
 54133 | Pan      | Gained mutation: You are partially covered in iridescent
                  | scales. (AC +2) [potion of mutation]
 54134 | Pan      | Lost mutation: Your spells are a little harder to cast, but
                  | a little more powerful. [potion of mutation]
 54134 | Pan      | Lost mutation: You occasionally shout uncontrollably at
                  | your foes. [potion of mutation]
 54134 | Pan      | Lost mutation: You are vulnerable to cold. (rC-) [potion of
                  | mutation]
 54134 | Pan      | Lost mutation: You are partially covered in iridescent
                  | scales. (AC +2) [potion of mutation]
 54134 | Pan      | Lost mutation: You have hidden genetic defects. [potion of
                  | mutation]
 54134 | Pan      | Gained mutation: You are frail. (-10% HP) [potion of
                  | mutation]
 54134 | Pan      | Gained mutation: You occasionally shout uncontrollably at
                  | your foes. [potion of mutation]
 54134 | Pan      | Gained mutation: You have a pair of small horns on your
                  | head. [potion of mutation]
 54134 | Pan      | Gained mutation: You are partially covered in large bone
                  | plates. (SH +4) [potion of mutation]
 54276 | Pan      | Found an exit through the horrors of the Abyss.
 54490 | Pan      | Reached skill level 10 in Translocations
 54639 | Pan      | Found an exit through the horrors of the Abyss.
 54660 | Pan      | Reached skill level 27 in Armour
 54695 | Pan      | Gained mutation: You occasionally lose the ability to read
                  | scrolls when taking damage. [a cacodemon]
 54700 | Pan      | Lost mutation: You are partially covered in large bone
                  | plates. (SH +4) [potion of mutation]
 54700 | Pan      | Lost mutation: You have a pair of small horns on your head.
                  | [potion of mutation]
 54700 | Pan      | Lost mutation: You occasionally shout uncontrollably at
                  | your foes. [potion of mutation]
 54700 | Pan      | Lost mutation: You are frail. (-10% HP) [potion of
                  | mutation]
 54700 | Pan      | Lost mutation: You occasionally lose the ability to read
                  | scrolls when taking damage. [potion of mutation]
 54700 | Pan      | Gained mutation: Your body sometimes deteriorates upon
                  | taking damage. [potion of mutation]
 54700 | Pan      | Gained mutation: You occasionally lose the ability to read
                  | scrolls when taking damage. [potion of mutation]
 54700 | Pan      | Gained mutation: You are dopey. (Int -2) [potion of
                  | mutation]
 54700 | Pan      | Gained mutation: You do not regenerate when monsters are
                  | visible. [potion of mutation]
 54700 | Pan      | Gained mutation: You are partially covered in large bone
                  | plates. (SH +4) [potion of mutation]
 54701 | Pan      | Lost mutation: You occasionally lose the ability to read
                  | scrolls when taking damage. [potion of mutation]
 54701 | Pan      | Lost mutation: You are dopey. (Int -2) [potion of mutation]
 54701 | Pan      | Lost mutation: Your body sometimes deteriorates upon taking
                  | damage. [potion of mutation]
 54701 | Pan      | Lost mutation: You do not regenerate when monsters are
                  | visible. [potion of mutation]
 54701 | Pan      | Gained mutation: Your magical capacity is low. (-10% MP)
                  | [potion of mutation]
 54701 | Pan      | Gained mutation: You are partially covered in iridescent
                  | scales. (AC +2) [potion of mutation]
 54701 | Pan      | Gained mutation: You are mostly covered in iridescent
                  | scales. (AC +4) [potion of mutation]
 54733 | Pan      | Noticed Rusim the pandemonium lord
 54974 | Pan      | Noticed Limueh the pandemonium lord
 54978 | Pan      | Killed Limueh the pandemonium lord
 54992 | Pan      | Entered the realm of Cerebov.
 54992 | Pan      | Found the +6 sword of Cerebov {flame}
 54992 | Pan      | Noticed Cerebov
 55160 | Pan      | Killed Cerebov
 55160 | Pan      | Identified the amulet "Naddicoo" {Regen+ Int+3 Dex+2}
 55160 | Pan      | Identified the +7 rapier "Yrologo" {spect, Will+ Int+2
                  | Stlth+}
 55160 | Pan      | Identified the ring "Josioker" {rPois EV+5}
 55176 | Pan      | Identified the +2 halberd of Yviow {pain, Will- Dex+8 SInv
                  | Stlth-}
 55201 | Pan      | Identified the amulet "Idaerawn" {Regen+ Dex+2}
 55288 | Pan      | Got a fiery rune of Zot
 55379 | Pan      | Found an exit through the horrors of the Abyss.
 55401 | Pan      | Took an exit into the Abyss.
 55401 | Abyss:4  | Escaped into the Abyss
 55445 | Depths:4 | Escaped the Abyss
 55514 | Hell     | Entered the Vestibule of Hell
 55514 | Hell     | Noticed Geryon
 55533 | Hell     | Killed Geryon
 55769 | Hell     | Found a gateway to the ashen valley of Gehenna.
 55884 | Hell     | Found a gateway to the freezing wastes of Cocytus.
 55918 | Coc:1    | Entered Level 1 of Cocytus
 56147 | Coc:2    | Paralysed by a wendigo for 1 turns
 56346 | Coc:4    | Noticed a dread lich
 56358 | Coc:4    | Paralysed by a wendigo for 1 turns
 56492 | Coc:4    | Killed a dread lich
 56713 | Coc:6    | Reached skill level 27 in Shields
 56749 | Coc:6    | Paralysed by a wendigo for 1 turns
 56778 | Coc:7    | Entered Level 7 of Cocytus
 56933 | Coc:7    | Paralysed by a wendigo for 1 turns
 56960 | Coc:7    | Paralysed by a wendigo for 1 turns
 57217 | Coc:7    | Paralysed by a wendigo for 1 turns
 57252 | Coc:7    | Identified the ring "Ulloegg" {Fly Dex+2}
 57609 | Coc:7    | Noticed Antaeus
 57641 | Coc:7    | Killed Antaeus
 57642 | Coc:7    | Paralysed by a wendigo for 1 turns
 57663 | Coc:7    | Got an icy rune of Zot
 57739 | Hell     | Found a gateway to the decaying netherworld of Tartarus.
 57763 | Tar:1    | Entered Level 1 of Tartarus
 57773 | Tar:1    | Noticed a dread lich
 57783 | Tar:1    | Killed a dread lich
 58136 | Tar:2    | Noticed a dread lich
 58150 | Hell     | Killed a dread lich
 58313 | Depths:3 | Found Athrovvamo's Assorted Antiques.
 58313 | Depths:3 | Noticed Himmaryad's ghost (adept TrMo)
 58339 | Depths:3 | Killed Himmaryad's ghost
 58355 | Depths:3 | Bought a scroll of teleportation for 111 gold pieces
 58355 | Depths:3 | Bought a potion of attraction for 111 gold pieces
 58355 | Depths:3 | Bought a potion of mutation for 296 gold pieces
 58508 | Depths:4 | Reached skill level 27 in Maces & Flails
 58857 | Depths:4 | Found a gate to the Realm of Zot.
 58918 | Zot:1    | Entered Level 1 of the Realm of Zot
 59006 | Zot:1    | Noticed an orb of fire
 59018 | Zot:1    | Killed an orb of fire
 59217 | Zot:1    | Got the Incunable of Kinetic Curses
 59218 | Zot:1    | Identified the +3 plate armour of the Pits of Slime {Contam
                  | rF+ Int+5 SInv}
 59847 | Zot:2    | Noticed an orb of fire
 59862 | Zot:2    | Killed an orb of fire
 59875 | Zot:2    | Identified the +5 hand axe "Orb Guardian's Death" {drain,
                  | *Slow Fragile rN+++ Str+6}
 59938 | Zot:2    | Identified the +2 falchion "Xonwaufe" {elec, Will- Str+3
                  | SInv}
 60697 | Tar:5    | Noticed an ancient lich
 60710 | Tar:5    | Killed an ancient lich
 60725 | Tar:5    | Noticed an ancient lich
 60729 | Tar:5    | Killed an ancient lich
 61000 | Tar:7    | Entered Level 7 of Tartarus
 62363 | Tar:7    | Noticed Ereshkigal
 62495 | Tar:7    | Killed Ereshkigal
 62503 | Tar:7    | Identified the +3 ring mail of Gaes Ren {rC- Regen+ MP+9
                  | Stlth+}
 62504 | Tar:7    | Identified the +10 great mace "Ekhluw" {freeze, Fly rC-
                  | rN++ Int+4}
 62507 | Tar:7    | Found the +8 autumn katana {manifold assault}
 62510 | Tar:7    | Got a bone rune of Zot
 62511 | Tar:7    | Identified the +0 quarterstaff "Ogreslayer" {protect,
                  | Contam rC++}
 62513 | Tar:7    | Identified the staff of conjuration "Secsoiw" {rN+ Int+2}
 62733 | Hell     | Found a gateway to the Iron City of Dis.
 62742 | Dis:1    | Entered Level 1 of the Iron City of Dis
 62990 | Dis:3    | Noticed an ancient lich
 63011 | Dis:3    | Killed an ancient lich
 63353 | Dis:7    | Entered Level 7 of the Iron City of Dis
 63737 | Dis:7    | Noticed Dispater
 63737 | Dis:7    | Noticed a juggernaut
 63837 | Dis:7    | Killed a juggernaut
 63871 | Dis:7    | Killed Dispater
 63879 | Dis:7    | Got an iron rune of Zot
 63882 | Dis:7    | Identified the +1 leather armour "Vouregrud" {rC- Will++
                  | Int+4}
 64028 | Geh:1    | Entered Level 1 of Gehenna
 64266 | Geh:5    | You fall into a shaft and drop 1 floor!
 64414 | Geh:7    | Entered Level 7 of Gehenna
 64679 | Geh:7    | Noticed the Serpent of Hell
 64702 | Geh:7    | Killed the Serpent of Hell
 64812 | Geh:7    | Found the +13 sceptre of Asmodeus
 64812 | Geh:7    | Noticed Asmodeus
 64812 | Geh:7    | Killed Asmodeus
 64836 | Geh:7    | Got an obsidian rune of Zot
 64838 | Geh:7    | Got Habuff's Spellbook of Chilly Moulding
 64840 | Geh:7    | Identified the +1 battleaxe of the Absolute Madman {flame,
                  | rC+ MP+9}
 64842 | Geh:7    | Identified the +1 great mace "Dest" {protect, *Slow Fly rN+
                  | Int+2}
 65224 | Vaults:1 | You paid a toll of 2 scrolls of acquirement to enter a
                  | treasure trove
 65225 | Trove    | Entered a treasure trove
 65232 | Trove    | Identified the +3 barding of Emmixti {Str+4 Dex+3 Slay+3}
 65234 | Trove    | Identified the ring of Etacooff {rPois Str+3 Dex+3 Stlth-}
 65235 | Trove    | Identified the +3 barding of the Game of Kings {Regen+}
 65236 | Trove    | Identified the amulet of Benic {RegenMP Rampage}
 65252 | Trove    | Identified the +7 morningstar of Lopius {venom, rPois
                  | Str+3}
 65480 | Tomb:1   | Entered Level 1 of the Tomb of the Ancients
 65496 | Tomb:1   | Noticed Boris
 65503 | Tomb:1   | Killed Boris
 65651 | Tomb:1   | Noticed a royal mummy
 65676 | Tomb:1   | Killed a royal mummy
 65790 | Tomb:1   | Reached skill level 27 in Fighting
 65795 | Tomb:1   | Noticed a royal mummy
 65808 | Tomb:1   | Killed a royal mummy
 65958 | Tomb:2   | Noticed a royal mummy
 65965 | Tomb:2   | Noticed a royal mummy
 65967 | Tomb:2   | Noticed a royal mummy
 65974 | Tomb:2   | Killed a royal mummy
 66027 | Tomb:2   | Killed a royal mummy
 66087 | Tomb:2   | Killed a royal mummy
 66117 | Tomb:2   | Noticed a royal mummy
 66131 | Tomb:2   | Killed a royal mummy
 66150 | Tomb:2   | Reached skill level 10 in Hexes
 66150 | Tomb:2   | Reached skill level 10 in Air Magic
 66332 | Tomb:1   | Noticed a royal mummy
 66341 | Tomb:1   | Killed a royal mummy
 66346 | Tomb:1   | Reached skill level 27 in Invocations
 66385 | Tomb:1   | Noticed a royal mummy
 66392 | Tomb:1   | Killed a royal mummy
 66453 | Tomb:1   | Noticed a royal mummy
 66453 | Tomb:1   | Noticed a royal mummy
 66460 | Tomb:1   | Killed a royal mummy
 66466 | Tomb:1   | Killed a royal mummy
 66526 | Tomb:1   | Noticed a royal mummy
 66534 | Tomb:1   | Killed a royal mummy
 66544 | Tomb:1   | Learned a level 8 spell: Borgnjor's Revivification
 66591 | Tomb:1   | Noticed a royal mummy
 66595 | Tomb:1   | Noticed a royal mummy
 66597 | Tomb:1   | Killed a royal mummy
 66598 | Tomb:1   | Reached skill level 1 in Dodging
 66609 | Tomb:1   | Killed a royal mummy
 66650 | Tomb:1   | Noticed a royal mummy
 66659 | Tomb:1   | Noticed a royal mummy
 66667 | Tomb:1   | Killed a royal mummy
 66671 | Tomb:1   | Killed a royal mummy
 66728 | Tomb:1   | Noticed a royal mummy
 66739 | Tomb:1   | Killed a royal mummy
 66750 | Tomb:1   | Learned a level 8 spell: Ignition
 66789 | Tomb:1   | Noticed a royal mummy
 66801 | Tomb:1   | Killed a royal mummy
 66864 | Tomb:1   | Noticed a royal mummy
 66872 | Tomb:1   | Killed a royal mummy
 66873 | Tomb:1   | Reached skill level 1 in Fire Magic
 66885 | Tomb:1   | Noticed a royal mummy
 66907 | Tomb:1   | Killed a royal mummy
 66947 | Tomb:1   | Noticed a royal mummy
 66956 | Tomb:1   | Killed a royal mummy
 67020 | Tomb:1   | Noticed a royal mummy
 67035 | Tomb:1   | Killed a royal mummy
 67312 | Tomb:3   | Entered Level 3 of the Tomb of the Ancients
 67319 | Tomb:3   | Noticed a royal mummy
 67326 | Tomb:3   | Killed a royal mummy
 67342 | Tomb:3   | Noticed a royal mummy
 67362 | Tomb:3   | Killed a royal mummy
 67387 | Tomb:3   | Noticed a royal mummy
 67391 | Tomb:3   | Noticed a royal mummy
 67404 | Tomb:3   | Noticed a royal mummy
 67430 | Tomb:3   | Killed a royal mummy
 67434 | Tomb:3   | Killed a royal mummy
 67573 | Tomb:3   | Noticed a royal mummy
 67573 | Tomb:3   | Noticed a royal mummy
 67573 | Tomb:3   | Noticed a royal mummy
 67599 | Tomb:3   | Killed a royal mummy
 67602 | Tomb:3   | Killed a royal mummy
 67611 | Tomb:3   | Killed a royal mummy
 67713 | Tomb:3   | Noticed a royal mummy
 67717 | Tomb:3   | Killed a royal mummy
 67718 | Tomb:3   | Reached skill level 5 in Dodging
 67719 | Tomb:3   | Killed a royal mummy
 67835 | Tomb:3   | Got a golden rune of Zot
 67877 | Tomb:3   | Reached skill level 5 in Fire Magic
 67914 | Tomb:3   | Identified the staff of death "Conuymu" {+Blink rN+ Str+3
                  | Int+4 Dex-2 Stlth+}
 67920 | Tomb:3   | Identified the staff of earth "Baluurom" {rC+}
 67984 | Tomb:3   | Found the +9 staff of Olgreb {rPois∞}
 67989 | Tomb:3   | Found the +6 lightning scales {swift, rElec}
 67990 | Tomb:3   | Found the ring of the Tortoise {AC+8}
 67990 | Tomb:3   | Found the +10 morningstar "Eos" {elec, Halo rElec}
 67991 | Tomb:3   | Found the +5 demon whip "Spellbinder" {antimagic, disrupt,
                  | Will+}
 67999 | Tomb:3   | Identified the ring of the Yeti {rF+ Int+4}
 68001 | Tomb:3   | Identified the +7 dagger of Hacking and Slashing {freeze,
                  | rElec Str+6}
 68580 | Zot:5    | Entered Level 5 of the Realm of Zot
 68782 | Zot:5    | Noticed a dread lich
 68790 | Zot:5    | Reached skill level 10 in Spellcasting
 68791 | Zot:5    | Killed a dread lich
 68809 | Zot:5    | Noticed an orb of fire
 68810 | Zot:5    | Noticed an orb of fire
 68811 | Zot:5    | Noticed an orb of fire
 68824 | Zot:5    | Killed an orb of fire
 68825 | Zot:5    | Gained mutation: You are weak. (Str -2) [an orb of fire]
 68832 | Zot:5    | Gained mutation: You occasionally lose the ability to drink
                  | potions when taking damage. [an orb of fire]
 68845 | Zot:5    | Killed an orb of fire
 68861 | Zot:5    | Killed an orb of fire
 68895 | Zot:5    | Lost mutation: Your magical capacity is low. (-10% MP)
                  | [potion of mutation]
 68895 | Zot:5    | Lost mutation: You are partially covered in large bone
                  | plates. (SH +4) [potion of mutation]
 68895 | Zot:5    | Lost mutation: You are weak. (Str -2) [potion of mutation]
 68895 | Zot:5    | Lost mutation: You are mostly covered in iridescent scales.
                  | (AC +4) [potion of mutation]
 68895 | Zot:5    | Gained mutation: You are resistant to electric shocks.
                  | (rElec) [potion of mutation]
 68895 | Zot:5    | Gained mutation: You occasionally lose the ability to read
                  | scrolls when taking damage. [potion of mutation]
 68895 | Zot:5    | Gained mutation: You have a pair of small horns on your
                  | head. [potion of mutation]
 68896 | Zot:5    | Lost mutation: You are partially covered in iridescent
                  | scales. (AC +2) [potion of mutation]
 68896 | Zot:5    | Lost mutation: You occasionally lose the ability to drink
                  | potions when taking damage. [potion of mutation]
 68896 | Zot:5    | Lost mutation: You have a pair of small horns on your head.
                  | [potion of mutation]
 68896 | Zot:5    | Lost mutation: You are resistant to electric shocks.
                  | (rElec) [potion of mutation]
 68896 | Zot:5    | Lost mutation: You occasionally lose the ability to read
                  | scrolls when taking damage. [potion of mutation]
 68896 | Zot:5    | Gained mutation: You have supernaturally acute eyesight.
                  | (SInv) [potion of mutation]
 68896 | Zot:5    | Gained mutation: You have a pair of small antennae on your
                  | head. [potion of mutation]
 68896 | Zot:5    | Gained mutation: You have sharp toenails. [potion of
                  | mutation]
 68896 | Zot:5    | Gained mutation: You are partially covered in large bone
                  | plates. (SH +4) [potion of mutation]
 68896 | Zot:5    | Gained mutation: You are dopey. (Int -2) [potion of
                  | mutation]
 68896 | Zot:5    | Gained mutation: You are somewhat resistant to further
                  | mutation. [potion of mutation]
 69065 | Zot:5    | Noticed an orb of fire
 69084 | Zot:5    | Noticed an orb of fire
 69087 | Zot:5    | Killed an orb of fire
 69097 | Zot:5    | Killed an orb of fire
 69137 | Zot:5    | Got the Orb of Zot
 69611 | D:$      | Escaped with the Orb!

Illustrated notes

Levels and vault maps discovered:
D:1:      wander_arrival_estate, layout_basic, minmay_liquid_box
D:2:      layout_basic, uniq_robin, uniq_natasha, uniq_terence
D:3:      layout_loops_corners, chequers_temple_overflow_statue_of_worship
D:4:      layout_basic, amcnicky_altar_gilded
D:5:      layout_loops_corners, minmay_pentangle, uniq_duvessa, uniq_menkaure,
          uniq_ijyb, uniq_blork_the_orc
D:6:      layout_loops_cross, minmay_temple_entry_sparse_star, serial_shops,
          nicolae_shop_drivethru, uniq_eustachio, uniq_sigmund
D:7:      layout_basic, gammafunk_temple_overflow_pools, uniq_joseph
D:8:      layout_basic, lightli_ossuary_entry_decrepit_ruins, serial_shops,
          nicolae_diamond_shop, amcnicky_mini_rare_corridor_liquid,
          nicolae_elemental_shop
D:9:      layout_basic, chequers_big_river
D:10:     hangedman_cross_stitches, layout_loops_ring, orc_0_dummy,
          gammafunk_ghost_grave, nzn_life_drinkers
D:11:     layout_loops_ring, minmay_hollow_rounded_squares
D:12:     layout_loops_ring, wad_floor_pattern_2, minmay_circle_x, uniq_kirke
D:13:     layout_roguey, serial_shops, nicolae_shop_bloodbath_and_beyond
D:14:     layout_roguey, grunt_vaults_entry_fortified, skrybe_limestone_x,
          serial_rivers, chequers_serial_rivers_large_b,
          chequers_serial_rivers_small_a, chequers_serial_rivers_room_a,
          chequers_serial_rivers_micro_a, chequers_serial_rivers_micro_b,
          chequers_serial_rivers_small_3
D:15:     grunt_enter_depths_magical_seal, layout_loops_ring,
          dreamdust_princess_corridor
Lair:1:   layout_gridlike, uniq_fannar, uniq_erica
Lair:2:   layout_misc_corridors, spider_nest_entry_funnel_web,
          grunt_megastairs_1, serial_bayou_shore_a, uniq_nergalle
Lair:3:   layout_roguey, minmay_shoals_entry_hut, minmay_stone_trees_medium
Lair:4:   layout_cave_pods, slime_entry_2
Lair:5:   evil_forest, layout_small_grid, nicolae_volcano_entry_lava_flow
Shoals:1: layout_shoals, uniq_donald
Shoals:2: layout_shoals, st_shoals_ruin
Shoals:3: layout_shoals, st_sunken_temple
Shoals:4: shoals_end_simple, layout_shoals, uniq_polyphemus
Spider:1: layout_cave_pods, nicolae_spider_world_wide_web
Spider:2: layout_chambers
Spider:3: layout_spider_delve
Spider:4: grunt_spider_rune_circles, uniq_louise, uniq_mara, uniq_bai_suzhen
Slime:1:  layout_caves, cheibrodos_slime_lost_civilization_7
Slime:2:  layout_caves
Slime:3:  layout_caves, nicolae_slime_rock_hall_of_fame
Slime:4:  layout_caves
Slime:5
Orc:1:    layout_caves, uniq_snorg
Orc:2:    grunt_orc_community_town_hall, layout_diamond_mine,
          grunt_orc_community_big_house_2, grunt_orc_community_big_house_2,
          grunt_orc_community_house_1, grunt_orc_community_house_3,
          grunt_orc_community_house_2, grunt_orc_community_house_3
Elf:1:    minmay_the_grid_3x3 [minmay_the_grid_minigrid_large,
          minmay_the_grid_fan, minmay_the_grid_minigrid_small_alt,
          minmay_the_grid_holed_spiral, minmay_the_grid_outer_diamond,
          minmay_the_grid_paths, minmay_the_grid_doors,
          minmay_the_grid_dragon_b, minmay_the_grid_prize_inner_circle],
          layout_geoelf_octagon, minmay_elf_demonology
Elf:2:    nicolae_elf_blades_crystal_corner, layout_loops_corners, serial_shops,
          nicolae_shop_rolled_up
Elf:3:    minmay_elf_hall_four_x, layout_geoelf_castle, uniq_asterion
Vaults:1: v_misc_4, v_misc_4, ontoclasm_vaults_ligature, v_rooms_3,
          nicolae_vaults_shrinking_rooms_2,
          nicolae_vaults_doubleplus_tesselated, v_pattern_4,
          ontoclasm_vaults_fault, v_misc_13, layout_vaults_ring, serial_shops,
          nicolae_shop_trees, nicolae_square_shop, shop, shop,
          nicolae_trove_entry_diagonal
Vaults:2: ontoclasm_vaults_idyll, nicolae_vaults_tangent_ellipses,
          nicolae_vaults_wine_cellar, nicolae_vaults_triangles, v_misc_18,
          ontoclasm_vaults_idyll, vaults_room_large_hall,
          nicolae_vaults_more_shelving_1, nicolae_vaults_little_ls,
          nicolae_vaults_tetromino_T_2, layout_vaults_chaotic_city,
          serial_shops, shop_statue
Vaults:3: nicolae_vaults_storage_closets_2, grunt_vaults_twisty,
          nicolae_vaults_ninety_degrees, minmay_crypt_entry_vampire_xt,
          v_misc_15, nicolae_vaults_security_offices_5, hangedman_vaults_locks,
          vaults_standard_mumra_lines, nicolae_vaults_trapezoid_1,
          vaults_room_corners, layout_vaults_maze, serial_shops, shop, shop,
          nicolae_shop_trees, shop, nicolae_shop_tiny_statue_garden
Vaults:4: nicolae_vaults_turnstiles, nicolae_vaults_disjoint_gnomons,
          nicolae_vaults_little_squares_4, nicolae_vaults_diamond_2,
          ontoclasm_vaults_idyll, v_alt_pattern_2, v_misc_17,
          hangedman_vaults_river_flow, nicolae_vaults_apartment_2,
          ontoclasm_vaults_pinch, nicolae_vaults_taking_the_gang_shopping,
          v_misc_26, ontoclasm_vaults_ring_small, nicolae_vaults_angled_halls,
          layout_vaults_omnibox, uniq_saint_roka, uniq_jory
Vaults:5
Crypt:1:  layout_basic, uniq_grunn, uniq_margery, uniq_khufu, uniq_josephina
Crypt:2:  layout_chaotic_city
Crypt:3:  lightli_unholy_cathedral, layout_chaotic_city,
          nicolae_tomb_entry_grand_gallery, ebering_ghost_rock_garden,
          serial_sigils_hangedman_leer, grunt_megastairs_4, uniq_xtahua,
          uniq_boris, uniq_mennas
Tomb:1
Tomb:2
Tomb:3
Depths:1: layout_small_grid, ploomutoo_gammafunk_ghost_potion_laboratory,
          nicolae_gozag_seed_capital, pf_hell_entry_tar_spiral,
          abyss_entry_small_statue_room, nicolae_sif_muna_little_library
Depths:2: box_level_dp, pan_entry, hell_entry, uniq_vv
Depths:3: kennysheep_blocky_hall, layout_cave_pools, hell_entry, abyss_entry,
          nicolae_elevator_lobby_asterisk, ebering_ghost_gozag,
          infiniplex_staircase_x, uniq_enchantress
Depths:4: evilmike_zot_entry_diamond, layout_cave_shapes, grunt_mini_vestibule,
          abyss_entry, serial_glass, glass_columns_b, glass_columns_c,
          rand_demon_pan_entry_3, roderic_serpentine_path,
          chequers_serial_rivers_room_b, uniq_sojobo
Hell
Dis:1:    layout_gridville
Dis:2:    layout_subdivisions
Dis:3:    layout_jigsaw
Dis:4:    layout_regular_city, nicolae_dis_step_into_the_octagon
Dis:5:    layout_regular_city
Dis:6:    layout_gridville, nrook_loot_triangle, minmay_strange_pillars
Dis:7:    dis_st
Geh:1:    layout_gehenna_pools_triple
Geh:2:    layout_gehenna_lava_caves
Geh:3:    layout_gehenna_lava_caves
Geh:4:    layout_gehenna_lava_caves
Geh:5:    layout_gehenna_lava_caves
Geh:6:    layout_gehenna_pools_triple
Geh:7:    geh_grunt_pentagon
Coc:1:    layout_cocytus_water_paths
Coc:2:    layout_ice_bergs
Coc:3:    layout_ice_bergs, nicolae_coc_icebean_singular
          [nicolae_sub_coc_subbean]
Coc:4:    layout_cocytus_water_paths
Coc:5:    layout_cocytus_delve
Coc:6:    layout_ice_bergs
Coc:7:    coc_mu
Tar:1:    layout_grid_maze, nicolae_tar_spectre_spectrum
Tar:2:    layout_cathedral_of_symmetry
Tar:3:    layout_grid_maze, nicolae_tar_cuneiform_oil,
          nicolae_tar_cuneiform_bread
Tar:4:    layout_grid_maze, nicolae_tar_cuneiform_oil,
          nicolae_tar_honey_rotating
Tar:5:    nicolae_tar_honey_stairs, layout_cathedral_of_symmetry
Tar:6:    layout_honeycomb
Tar:7:    tar_minmay_river
Zot:1:    hangedman_zot_vaults_quadrants, layout_cathedral_of_symmetry
Zot:2:    dreamdust_black_sun_cult, layout_twisted_circle
Zot:3:    layout_gridlike
Zot:4:    hangedman_snap_crack_crunch, layout_concentric_octagons
Zot:5:    layout_basic

Skill      XL: |  1  2  3  4  5  6  7  8  9 10 11 12 13 14 15 16 17 18 19 20 21 22 23 24 25 26 27 |
---------------+----------------------------------------------------------------------------------+-----
Maces & Flails | 2 3 4 5 6 7 8 9 10 11 12 13 14 15 16 17 18 19 20 21 27 | 27.0
Fighting       | 3 4 5 6 7 8 9 10 11 13 15 16 17 18 19 20 21 22 27 | 27.0
Armour         | 4 5 6 7 8 9 11 12 13 14 16 17 18 19 20 21 22 23 24 25 26 27 | 27.0
Shields        | 4 5 6 8 9 10 11 12 13 14 15 16 17 18 19 20 21 22 23 24 27 | 27.0
Invocations    | 1 2 4 5 7 8 9 10 12 13 14 15 16 17 18 19 20 21 27 | 27.0
Spellcasting   | 2 4 5 11 | 11.3
Translocations | 1 5 8 13 | 13.0
Air Magic      | 2 4 13 | 13.2
Hexes          | 3 4 10 | 10.0
Dodging        | 5 |  5.0
Fire Magic     | 8 |  8.7

Action                     |  1- 3 |  4- 6 |  7- 9 | 10-12 | 13-15 | 16-18 | 19-21 | 22-24 | 25-27 || total
---------------------------+-------+-------+-------+-------+-------+-------+-------+-------+-------++-------
  Melee: Flail             |   105 |    47 |       |       |       |       |       |       |       ||   152
         Tailslap          |     9 |    11 |    38 |   109 |   165 |   221 |   313 |   349 |  1345 ||  2560
         Mace              |       |   113 |   282 |   363 |       |       |       |       |       ||   758
         Unarmed           |       |       |     8 |       |       |       |       |       |       ||     8
         Whip              |       |       |       |   363 |   276 |       |       |       |       ||   639
         Eveningstar       |       |       |       |       |   633 |  1076 |  1580 |  1437 |  1266 ||  5992
         Morningstar       |       |       |       |       |       |    27 |    16 |       |       ||    43
         Kick              |       |       |       |       |       |       |       |   192 |   533 ||   725
         Sacred scourge    |       |       |       |       |       |       |       |    30 |  4430 ||  4460
         Headbutt          |       |       |       |       |       |       |       |       |    33 ||    33
   Cast: Apportation       |       |       |       |       |       |       |       |     7 |     5 ||    12
         Passage of Golubr |       |       |       |       |       |       |       |       |    50 ||    50
         Silence           |       |       |       |       |       |       |       |       |    22 ||    22
 Invoke: Stomp             |       |     1 |    22 |    31 |    19 |    19 |    22 |    43 |    27 ||   184
         Line Pass         |       |     1 |     3 |     2 |     1 |     2 |     1 |     2 |     4 ||    16
         Grand Finale      |       |       |       |       |     3 |     6 |     9 |     9 |    36 ||    63
  Evoke: Wand              |       |       |       |     8 |     3 |       |       |       |     7 ||    18
    Use: Potion            |       |       |     1 |     3 |    13 |     3 |     8 |     7 |    71 ||   106
         Scroll            |       |       |     7 |    13 |    20 |    10 |     7 |    21 |    31 ||   109
   Stab: Paralysed         |       |     2 |    10 |    52 |   104 |   135 |   171 |   183 |   596 ||  1253
         Confused          |       |       |     2 |       |     1 |       |     1 |       |       ||     4
         Petrified         |       |       |       |       |     5 |     5 |       |       |       ||    10
         Distracted        |       |       |       |       |       |       |       |       |     2 ||     2
 Armour: Scale mail        |    43 |    44 |       |       |       |       |       |       |       ||    87
         Chain mail        |       |    44 |   181 |   367 |   344 |   118 |       |       |       ||  1054
         Skin              |       |       |     2 |       |       |       |       |       |       ||     2
         Crystal plate arm |       |       |       |       |       |   520 |   870 |   709 |  1994 ||  4093
  Dodge: Dodged            |    41 |    45 |    49 |   121 |   133 |    87 |    94 |    89 |   317 ||   976
  Block: Buckler           |    21 |    55 |     6 |       |       |       |       |       |       ||    82
         Tower shield      |       |       |   207 |   619 |   672 |   926 |  1478 |  1532 |  5661 || 11095
         Reflection        |       |       |       |       |       |       |     4 |    42 |   115 ||   161
